Workbook
Name familias_equipamentos: 'Apoio - Notas Explicativas'!#REF!
Name familias_equipamentos: '[1]Base Apoio - etapa 1'!#REF!
Name familias_equipamentos: '[2]Base Apoio - etapa 1'!#REF!
Name familias_equipamentos: '[1]Base Apoio - etapa 1'!#REF!
Name materiais: [1]Fontes!$F$3:$F$9
Name percentuais: [3]Fontes!$C$1:$C$3
Name percentuais: [2]Fontes!$C$1:$C$3
Name percentuais: [1]Fontes!$C$1:$C$3
Name Sim_não: [3]Fontes!$A$1:$A$2
Name Sim_não: [2]Fontes!$A$1:$A$2
Name Sim_não: [1]Fontes!$A$1:$A$2
Name tributaçao: 'Apoio - Notas Explicativas'!#REF!
Name tributaçao: '[2]Base Apoio - etapa 1'!$F$20:$H$20
Name tributaçao: '[1]Base Apoio - etapa 1'!$F$20:$H$20
Name Tributação: #REF!
Name Tributação: #REF!
Name Tributação: #REF!
Name Tributação: #REF!

Sheet Mão de Obra
A2: =CONCATENATE("PREFEITURA MUNICIPAL DE PORTO ALEGRE ",D5," FORMAÇÃO DE PREÇOS DE REFERÊNCIA - CESSÃO DE MÃO DE OBRA") -> PREFEITURA MUNICIPAL DE PORTO ALEGRE SECRETARIA DE SAÚDE FORMAÇÃO DE PREÇOS DE REFERÊNCIA - CESSÃO DE MÃO DE OBRA
B5: A | C5: Órgão Demandante | D5: SECRETARIA DE SAÚDE | H5: 3 | I5: 4 | J5: 5 | K5: 6 | L5: 7 | M5: 8 | N5: 9
B6: B | C6: Pregão Eletrônico nº:
B7: C | C7: Processo SEI nº: | D7: 23.0.000099907-5
B8: D | C8: Objeto: | D8: Locação Veículos DVS
B9: E | C9: Responsável | D9: Viviane M.Demoly
B10: F | C10: Data de conclusão | D10: 45470
B11: G | C11: Pagamento do Contrato: | D11: Mês
B12: H | C12: Duração do Contrato em meses: | D12: 12
B13: I | C13: Regime Tributário | D13: Lucro Presumido
B14: J | C14: Receita Bruta
B15: K | C15: Salário Mínimo | D15: 1412
C17: DADOS REFERENTES À CONTRATAÇÃO | E17: Posto A | F17: Posto B | G17: Posto C | H17: Posto D | I17: Posto E | J17: Posto F | K17: Posto G | L17: Posto H | M17: Posto I | N17: Posto J
B18: A | C18: Função do Posto | E18: Motorista Veículos Leves
B19: B | C19: Classificação Brasileira de Ocupações (CBO) | E19: =IFERROR(VLOOKUP(E$18,'Apoio - Posto'!$A:$J,2,FALSE),"") -> 7823 | F19: =IFERROR(VLOOKUP(F$18,'Apoio - Posto'!$A:$J,2,FALSE),"") | G19: =IFERROR(VLOOKUP(G$18,'Apoio - Posto'!$A:$J,2,FALSE),"") | H19: =IFERROR(VLOOKUP(H$18,'Apoio - Posto'!$A:$J,2,FALSE),"") | I19: =IFERROR(VLOOKUP(I$18,'Apoio - Posto'!$A:$J,2,FALSE),"") | J19: =IFERROR(VLOOKUP(J$18,'Apoio - Posto'!$A:$J,2,FALSE),"") | K19: =IFERROR(VLOOKUP(K$18,'Apoio - Posto'!$A:$J,2,FALSE),"") | L19: =IFERROR(VLOOKUP(L$18,'Apoio - Posto'!$A:$J,2,FALSE),"") | ... N19: =IFERROR(VLOOKUP(N$18,'Apoio - Posto'!$A:$J,2,FALSE),"")
B20: C | C20: Valor do Piso normativo da Categoria | E20: =IFERROR(VLOOKUP(E$18,'Apoio - Posto'!$A:$AA,7,FALSE),"") -> 1799.88 | F20: =IFERROR(VLOOKUP(F$18,'Apoio - Posto'!$A:$AA,7,FALSE),"") | G20: =IFERROR(VLOOKUP(G$18,'Apoio - Posto'!$A:$AA,7,FALSE),"") | H20: =IFERROR(VLOOKUP(H$18,'Apoio - Posto'!$A:$AA,7,FALSE),"") | I20: =IFERROR(VLOOKUP(I$18,'Apoio - Posto'!$A:$AA,7,FALSE),"") | J20: =IFERROR(VLOOKUP(J$18,'Apoio - Posto'!$A:$AA,7,FALSE),"") | K20: =IFERROR(VLOOKUP(K$18,'Apoio - Posto'!$A:$AA,7,FALSE),"") | L20: =IFERROR(VLOOKUP(L$18,'Apoio - Posto'!$A:$AA,7,FALSE),"") | ... N20: =IFERROR(VLOOKUP(N$18,'Apoio - Posto'!$A:$AA,7,FALSE),"")
B21: D | C21: Regime de trabalho da convenção coletiva (mensal) | E21: =IFERROR(VLOOKUP(E$18,'Apoio - Posto'!$A:$AA,8,FALSE),"") -> 220 | F21: =IFERROR(VLOOKUP(F$18,'Apoio - Posto'!$A:$AA,8,FALSE),"") | G21: =IFERROR(VLOOKUP(G$18,'Apoio - Posto'!$A:$AA,8,FALSE),"") | H21: =IFERROR(VLOOKUP(H$18,'Apoio - Posto'!$A:$AA,8,FALSE),"") | I21: =IFERROR(VLOOKUP(I$18,'Apoio - Posto'!$A:$AA,8,FALSE),"") | J21: =IFERROR(VLOOKUP(J$18,'Apoio - Posto'!$A:$AA,8,FALSE),"") | K21: =IFERROR(VLOOKUP(K$18,'Apoio - Posto'!$A:$AA,8,FALSE),"") | L21: =IFERROR(VLOOKUP(L$18,'Apoio - Posto'!$A:$AA,8,FALSE),"") | ... N21: =IFERROR(VLOOKUP(N$18,'Apoio - Posto'!$A:$AA,8,FALSE),"")
B22: E | C22: Sindicato representativo da categoria profissional | E22: =IFERROR(VLOOKUP(E$18,'Apoio - Posto'!$A:$J,3,FALSE),"") -> SINDIELV | F22: =IFERROR(VLOOKUP(F$18,'Apoio - Posto'!$A:$J,3,FALSE),"") | G22: =IFERROR(VLOOKUP(G$18,'Apoio - Posto'!$A:$J,3,FALSE),"") | H22: =IFERROR(VLOOKUP(H$18,'Apoio - Posto'!$A:$J,3,FALSE),"") | I22: =IFERROR(VLOOKUP(I$18,'Apoio - Posto'!$A:$J,3,FALSE),"") | J22: =IFERROR(VLOOKUP(J$18,'Apoio - Posto'!$A:$J,3,FALSE),"") | K22: =IFERROR(VLOOKUP(K$18,'Apoio - Posto'!$A:$J,3,FALSE),"") | L22: =IFERROR(VLOOKUP(L$18,'Apoio - Posto'!$A:$J,3,FALSE),"") | ... N22: =IFERROR(VLOOKUP(N$18,'Apoio - Posto'!$A:$J,3,FALSE),"")
B23: F | C23: Data base da categoria | E23: =IFERROR(VLOOKUP(E$18,'Apoio - Posto'!$A:$J,5,FALSE),"") -> 44470 | F23: =IFERROR(VLOOKUP(F$18,'Apoio - Posto'!$A:$J,5,FALSE),"") | G23: =IFERROR(VLOOKUP(G$18,'Apoio - Posto'!$A:$J,5,FALSE),"") | H23: =IFERROR(VLOOKUP(H$18,'Apoio - Posto'!$A:$J,5,FALSE),"") | I23: =IFERROR(VLOOKUP(I$18,'Apoio - Posto'!$A:$J,5,FALSE),"") | J23: =IFERROR(VLOOKUP(J$18,'Apoio - Posto'!$A:$J,5,FALSE),"") | K23: =IFERROR(VLOOKUP(K$18,'Apoio - Posto'!$A:$J,5,FALSE),"") | L23: =IFERROR(VLOOKUP(L$18,'Apoio - Posto'!$A:$J,5,FALSE),"") | ... N23: =IFERROR(VLOOKUP(N$18,'Apoio - Posto'!$A:$J,5,FALSE),"")
B24: G | C24: Registro no MTE | E24: =IFERROR(VLOOKUP(E$18,'Apoio - Posto'!$A:$J,4,FALSE),"") -> RS003831/2021 | F24: =IFERROR(VLOOKUP(F$18,'Apoio - Posto'!$A:$J,4,FALSE),"") | G24: =IFERROR(VLOOKUP(G$18,'Apoio - Posto'!$A:$J,4,FALSE),"") | H24: =IFERROR(VLOOKUP(H$18,'Apoio - Posto'!$A:$J,4,FALSE),"") | I24: =IFERROR(VLOOKUP(I$18,'Apoio - Posto'!$A:$J,4,FALSE),"") | J24: =IFERROR(VLOOKUP(J$18,'Apoio - Posto'!$A:$J,4,FALSE),"") | K24: =IFERROR(VLOOKUP(K$18,'Apoio - Posto'!$A:$J,4,FALSE),"") | L24: =IFERROR(VLOOKUP(L$18,'Apoio - Posto'!$A:$J,4,FALSE),"") | ... N24: =IFERROR(VLOOKUP(N$18,'Apoio - Posto'!$A:$J,4,FALSE),"")
B25: H | C25: Local de trabalho | E25: DVS
B26: I | C26: Regime de trabalho do Contrato (semanal) | E26: 40h (5 dia/sem)
B27: J | C27: Quantidade de postos/diárias | E27: 1
B28: K | C28: Quantidade de profissional por posto | E28: =IFERROR(VLOOKUP(E26,'Apoio - Regime de Trabalho'!$A:$I,2,FALSE),"") -> 1 | F28: =IFERROR(VLOOKUP(F26,'Apoio - Regime de Trabalho'!$A:$I,2,FALSE),"") | G28: =IFERROR(VLOOKUP(G26,'Apoio - Regime de Trabalho'!$A:$I,2,FALSE),"") | H28: =IFERROR(VLOOKUP(H26,'Apoio - Regime de Trabalho'!$A:$I,2,FALSE),"") | I28: =IFERROR(VLOOKUP(I26,'Apoio - Regime de Trabalho'!$A:$I,2,FALSE),"") | J28: =IFERROR(VLOOKUP(J26,'Apoio - Regime de Trabalho'!$A:$I,2,FALSE),"") | K28: =IFERROR(VLOOKUP(K26,'Apoio - Regime de Trabalho'!$A:$I,2,FALSE),"") | L28: =IFERROR(VLOOKUP(L26,'Apoio - Regime de Trabalho'!$A:$I,2,FALSE),"") | ... N28: =IFERROR(VLOOKUP(N26,'Apoio - Regime de Trabalho'!$A:$I,2,FALSE),"")
B29: L | C29: Quantidade total de profissionais/diárias | E29: =IFERROR(IF(E18="","",E28*E27),"") -> 1 | F29: =IFERROR(IF(F18="","",F28*F27),"") | G29: =IFERROR(IF(G18="","",G28*G27),"") | H29: =IFERROR(IF(H18="","",H28*H27),"") | I29: =IFERROR(IF(I18="","",I28*I27),"") | J29: =IFERROR(IF(J18="","",J28*J27),"") | K29: =IFERROR(IF(K18="","",K28*K27),"") | L29: =IFERROR(IF(L18="","",L28*L27),"") | ... N29: =IFERROR(IF(N18="","",N28*N27),"")
C31: MÓDULO 1: COMPOSIÇÃO DA REMUNERAÇÃO
B32: A | C32: Salário-Base | E32: =IFERROR(E20*VLOOKUP(E26,'Apoio - Regime de Trabalho'!$A:$I,8,FALSE)/(E21),"") -> 1636.2545 | F32: =IFERROR(F20*VLOOKUP(F26,'Apoio - Regime de Trabalho'!$A:$I,8,FALSE)/(F21),"") | G32: =IFERROR(G20*VLOOKUP(G26,'Apoio - Regime de Trabalho'!$A:$I,8,FALSE)/(G21),"") | H32: =IFERROR(H20*VLOOKUP(H26,'Apoio - Regime de Trabalho'!$A:$I,8,FALSE)/(H21),"") | I32: =IFERROR(I20*VLOOKUP(I26,'Apoio - Regime de Trabalho'!$A:$I,8,FALSE)/(I21),"") | J32: =IFERROR(J20*VLOOKUP(J26,'Apoio - Regime de Trabalho'!$A:$I,8,FALSE)/(J21),"") | K32: =IFERROR(K20*VLOOKUP(K26,'Apoio - Regime de Trabalho'!$A:$I,8,FALSE)/(K21),"") | L32: =IFERROR(L20*VLOOKUP(L26,'Apoio - Regime de Trabalho'!$A:$I,8,FALSE)/(L21),"") | ... N32: =IFERROR(N20*VLOOKUP(N26,'Apoio - Regime de Trabalho'!$A:$I,8,FALSE)/(N21),"")
B33: B | C33: Adicional de Periculosidade
C34: Incidência | E34: =IFERROR(VLOOKUP(E$18,'Apoio - Posto'!$A:$AA,15,FALSE),"") -> 0 | F34: =IFERROR(VLOOKUP(F$18,'Apoio - Posto'!$A:$AA,15,FALSE),"") | G34: =IFERROR(VLOOKUP(G$18,'Apoio - Posto'!$A:$AA,15,FALSE),"") | H34: =IFERROR(VLOOKUP(H$18,'Apoio - Posto'!$A:$AA,15,FALSE),"") | I34: =IFERROR(VLOOKUP(I$18,'Apoio - Posto'!$A:$AA,15,FALSE),"") | J34: =IFERROR(VLOOKUP(J$18,'Apoio - Posto'!$A:$AA,15,FALSE),"") | K34: =IFERROR(VLOOKUP(K$18,'Apoio - Posto'!$A:$AA,15,FALSE),"") | L34: =IFERROR(VLOOKUP(L$18,'Apoio - Posto'!$A:$AA,15,FALSE),"") | ... N34: =IFERROR(VLOOKUP(N$18,'Apoio - Posto'!$A:$AA,15,FALSE),"")
D35: Valor (R$) | E35: =IFERROR((E32)*E34,"") -> 0 | F35: =IFERROR((F32)*F34,"") | G35: =IFERROR((G32)*G34,"") | H35: =IFERROR((H32)*H34,"") | I35: =IFERROR((I32)*I34,"") | J35: =IFERROR((J32)*J34,"") | K35: =IFERROR((K32)*K34,"") | L35: =IFERROR((L32)*L34,"") | ... N35: =IFERROR((N32)*N34,"")
B36: C | C36: Adicional de Insalubridade
C37: Base de incindência | E37: =IFERROR(VLOOKUP(E$18,'Apoio - Posto'!$A:$AA,14,FALSE),"") -> Salário Mínimo | F37: =IFERROR(VLOOKUP(F$18,'Apoio - Posto'!$A:$AA,14,FALSE),"") | G37: =IFERROR(VLOOKUP(G$18,'Apoio - Posto'!$A:$AA,14,FALSE),"") | H37: =IFERROR(VLOOKUP(H$18,'Apoio - Posto'!$A:$AA,14,FALSE),"") | I37: =IFERROR(VLOOKUP(I$18,'Apoio - Posto'!$A:$AA,14,FALSE),"") | J37: =IFERROR(VLOOKUP(J$18,'Apoio - Posto'!$A:$AA,14,FALSE),"") | K37: =IFERROR(VLOOKUP(K$18,'Apoio - Posto'!$A:$AA,14,FALSE),"") | L37: =IFERROR(VLOOKUP(L$18,'Apoio - Posto'!$A:$AA,14,FALSE),"") | ... N37: =IFERROR(VLOOKUP(N$18,'Apoio - Posto'!$A:$AA,14,FALSE),"")
C38: Percentual de incidência
D39: Valor (R$) | E39: =IF(E20="","",IFERROR(IF(E37="Salário Base",E$32,IF(E37="Salário Mínimo",$D$15,0))*E38,"")) -> 0 | F39: =IF(F20="","",IFERROR(IF(F37="Salário Base",F$32,IF(F37="Salário Mínimo",$D$15,0))*F38,"")) | G39: =IF(G20="","",IFERROR(IF(G37="Salário Base",G$32,IF(G37="Salário Mínimo",$D$15,0))*G38,"")) | H39: =IF(H20="","",IFERROR(IF(H37="Salário Base",H$32,IF(H37="Salário Mínimo",$D$15,0))*H38,"")) | I39: =IF(I20="","",IFERROR(IF(I37="Salário Base",I$32,IF(I37="Salário Mínimo",$D$15,0))*I38,"")) | J39: =IF(J20="","",IFERROR(IF(J37="Salário Base",J$32,IF(J37="Salário Mínimo",$D$15,0))*J38,"")) | K39: =IF(K20="","",IFERROR(IF(K37="Salário Base",K$32,IF(K37="Salário Mínimo",$D$15,0))*K38,"")) | L39: =IF(L20="","",IFERROR(IF(L37="Salário Base",L$32,IF(L37="Salário Mínimo",$D$15,0))*L38,"")) | ... N39: =IF(N20="","",IFERROR(IF(N37="Salário Base",N$32,IF(N37="Salário Mínimo",$D$15,0))*N38,""))
B40: D | C40: Gratificação de Função
C41: Percentual de incidência
D42: Valor (R$) | E42: =IFERROR(E41*E$32,"") -> 0 | F42: =IFERROR(F41*F$32,"") | G42: =IFERROR(G41*G$32,"") | H42: =IFERROR(H41*H$32,"") | I42: =IFERROR(I41*I$32,"") | J42: =IFERROR(J41*J$32,"") | K42: =IFERROR(K41*K$32,"") | L42: =IFERROR(L41*L$32,"") | ... N42: =IFERROR(N41*N$32,"")
B43: E | C43: Adicional Noturno
C44: Número de horas noturnas por dia | E44: =IF(AND(E19=5173,E26="12x36 Noturno"),8,"") | F44: =IF(AND(F19=5173,F26="12x36 Noturno"),8,"") | G44: =IF(AND(G19=5173,G26="12x36 Noturno"),8,"") | H44: =IF(AND(H19=5173,H26="12x36 Noturno"),8,"") | I44: =IF(AND(I19=5173,I26="12x36 Noturno"),8,"") | J44: =IF(AND(J19=5173,J26="12x36 Noturno"),8,"") | K44: =IF(AND(K19=5173,K26="12x36 Noturno"),8,"") | L44: =IF(AND(L19=5173,L26="12x36 Noturno"),8,"") | ... N44: =IF(AND(N19=5173,N26="12x36 Noturno"),8,"")
C45: Número de dias laborados a noite | E45: =IF(E44="","",VLOOKUP(E26,'Apoio - Regime de Trabalho'!$A:$I,7,FALSE)) | F45: =IF(F44="","",VLOOKUP(F26,'Apoio - Regime de Trabalho'!$A:$I,7,FALSE)) | G45: =IF(G44="","",VLOOKUP(G26,'Apoio - Regime de Trabalho'!$A:$I,7,FALSE)) | H45: =IF(H44="","",VLOOKUP(H26,'Apoio - Regime de Trabalho'!$A:$I,7,FALSE)) | I45: =IF(I44="","",VLOOKUP(I26,'Apoio - Regime de Trabalho'!$A:$I,7,FALSE)) | J45: =IF(J44="","",VLOOKUP(J26,'Apoio - Regime de Trabalho'!$A:$I,7,FALSE)) | K45: =IF(K44="","",VLOOKUP(K26,'Apoio - Regime de Trabalho'!$A:$I,7,FALSE)) | L45: =IF(L44="","",VLOOKUP(L26,'Apoio - Regime de Trabalho'!$A:$I,7,FALSE)) | ... N45: =IF(N44="","",VLOOKUP(N26,'Apoio - Regime de Trabalho'!$A:$I,7,FALSE))
D46: Valor (R$) | E46: =IFERROR(SUM(E$32,E$35,E$39)/(VLOOKUP(E$26,'Apoio - Regime de Trabalho'!$A:$I,8,FALSE))*20%*E$44*E$45,"") | F46: =IFERROR(SUM(F$32,F$35,F$39)/(VLOOKUP(F$26,'Apoio - Regime de Trabalho'!$A:$I,8,FALSE))*20%*F$44*F$45,"") | G46: =IFERROR(SUM(G$32,G$35,G$39)/(VLOOKUP(G$26,'Apoio - Regime de Trabalho'!$A:$I,8,FALSE))*20%*G$44*G$45,"") | H46: =IFERROR(SUM(H$32,H$35,H$39)/(VLOOKUP(H$26,'Apoio - Regime de Trabalho'!$A:$I,8,FALSE))*20%*H$44*H$45,"") | I46: =IFERROR(SUM(I$32,I$35,I$39)/(VLOOKUP(I$26,'Apoio - Regime de Trabalho'!$A:$I,8,FALSE))*20%*I$44*I$45,"") | J46: =IFERROR(SUM(J$32,J$35,J$39)/(VLOOKUP(J$26,'Apoio - Regime de Trabalho'!$A:$I,8,FALSE))*20%*J$44*J$45,"") | K46: =IFERROR(SUM(K$32,K$35,K$39)/(VLOOKUP(K$26,'Apoio - Regime de Trabalho'!$A:$I,8,FALSE))*20%*K$44*K$45,"") | L46: =IFERROR(SUM(L$32,L$35,L$39)/(VLOOKUP(L$26,'Apoio - Regime de Trabalho'!$A:$I,8,FALSE))*20%*L$44*L$45,"") | ... N46: =IFERROR(SUM(N$32,N$35,N$39)/(VLOOKUP(N$26,'Apoio - Regime de Trabalho'!$A:$I,8,FALSE))*20%*N$44*N$45,"")
B47: F | C47: Adicional de Hora Noturna Reduzida
C48: Quantidade de horas noturnas reduzidas por mês | E48: =IF(E44="","",E45*E44*('Apoio - Notas Explicativas'!$D$9/'Apoio - Notas Explicativas'!$D$10-1) *IF(AND(E19=5173,E26="12x36 Noturno"),0,1)) | F48: =IF(F44="","",F45*F44*('Apoio - Notas Explicativas'!$D$9/'Apoio - Notas Explicativas'!$D$10-1) *IF(AND(F19=5173,F26="12x36 Noturno"),0,1)) | G48: =IF(G44="","",G45*G44*('Apoio - Notas Explicativas'!$D$9/'Apoio - Notas Explicativas'!$D$10-1) *IF(AND(G19=5173,G26="12x36 Noturno"),0,1)) | H48: =IF(H44="","",H45*H44*('Apoio - Notas Explicativas'!$D$9/'Apoio - Notas Explicativas'!$D$10-1) *IF(AND(H19=5173,H26="12x36 Noturno"),0,1)) | I48: =IF(I44="","",I45*I44*('Apoio - Notas Explicativas'!$D$9/'Apoio - Notas Explicativas'!$D$10-1) *IF(AND(I19=5173,I26="12x36 Noturno"),0,1)) | J48: =IF(J44="","",J45*J44*('Apoio - Notas Explicativas'!$D$9/'Apoio - Notas Explicativas'!$D$10-1) *IF(AND(J19=5173,J26="12x36 Noturno"),0,1)) | K48: =IF(K44="","",K45*K44*('Apoio - Notas Explicativas'!$D$9/'Apoio - Notas Explicativas'!$D$10-1) *IF(AND(K19=5173,K26="12x36 Noturno"),0,1)) | L48: =IF(L44="","",L45*L44*('Apoio - Notas Explicativas'!$D$9/'Apoio - Notas Explicativas'!$D$10-1) *IF(AND(L19=5173,L26="12x36 Noturno"),0,1)) | ... N48: =IF(N44="","",N45*N44*('Apoio - Notas Explicativas'!$D$9/'Apoio - Notas Explicativas'!$D$10-1) *IF(AND(N19=5173,N26="12x36 Noturno"),0,1))
D49: Valor (R$) | E49: =IFERROR(E48*(SUM(E$32,E$35,E$39)/(VLOOKUP(E$26,'Apoio - Regime de Trabalho'!$A:$I,8,FALSE))*120%),"") | F49: =IFERROR(F48*(SUM(F$32,F$35,F$39)/(VLOOKUP(F$26,'Apoio - Regime de Trabalho'!$A:$I,8,FALSE))*120%),"") | G49: =IFERROR(G48*(SUM(G$32,G$35,G$39)/(VLOOKUP(G$26,'Apoio - Regime de Trabalho'!$A:$I,8,FALSE))*120%),"") | H49: =IFERROR(H48*(SUM(H$32,H$35,H$39)/(VLOOKUP(H$26,'Apoio - Regime de Trabalho'!$A:$I,8,FALSE))*120%),"") | I49: =IFERROR(I48*(SUM(I$32,I$35,I$39)/(VLOOKUP(I$26,'Apoio - Regime de Trabalho'!$A:$I,8,FALSE))*120%),"") | J49: =IFERROR(J48*(SUM(J$32,J$35,J$39)/(VLOOKUP(J$26,'Apoio - Regime de Trabalho'!$A:$I,8,FALSE))*120%),"") | K49: =IFERROR(K48*(SUM(K$32,K$35,K$39)/(VLOOKUP(K$26,'Apoio - Regime de Trabalho'!$A:$I,8,FALSE))*120%),"") | L49: =IFERROR(L48*(SUM(L$32,L$35,L$39)/(VLOOKUP(L$26,'Apoio - Regime de Trabalho'!$A:$I,8,FALSE))*120%),"") | ... N49: =IFERROR(N48*(SUM(N$32,N$35,N$39)/(VLOOKUP(N$26,'Apoio - Regime de Trabalho'!$A:$I,8,FALSE))*120%),"")
B50: G | C50: Horas Extras (com adicionais)
C51: Percentual de incidência | E51: =IF(E$26="56h (7 dias)",100%, IF(OR(E19=7823,E19=7825),50%,"")) -> 0.5 | F51: =IF(F$26="56h (7 dias)",100%, IF(OR(F19=7823,F19=7825),50%,"")) | G51: =IF(G$26="56h (7 dias)",100%, IF(OR(G19=7823,G19=7825),50%,"")) | H51: =IF(H$26="56h (7 dias)",100%, IF(OR(H19=7823,H19=7825),50%,"")) | I51: =IF(I$26="56h (7 dias)",100%, IF(OR(I19=7823,I19=7825),50%,"")) | J51: =IF(J$26="56h (7 dias)",100%, IF(OR(J19=7823,J19=7825),50%,"")) | K51: =IF(K$26="56h (7 dias)",100%, IF(OR(K19=7823,K19=7825),50%,"")) | L51: =IF(L$26="56h (7 dias)",100%, IF(OR(L19=7823,L19=7825),50%,"")) | ... N51: =IF(N$26="56h (7 dias)",100%, IF(OR(N19=7823,N19=7825),50%,""))
C52: Quantidade de Horas Extras mensal | E52: =IF(OR(E$26="56h (7 dias)",E19=7823,E19=7825),8,"") -> 8 | F52: =IF(OR(F$26="56h (7 dias)",F19=7823,F19=7825),8,"") | G52: =IF(OR(G$26="56h (7 dias)",G19=7823,G19=7825),8,"") | H52: =IF(OR(H$26="56h (7 dias)",H19=7823,H19=7825),8,"") | I52: =IF(OR(I$26="56h (7 dias)",I19=7823,I19=7825),8,"") | J52: =IF(OR(J$26="56h (7 dias)",J19=7823,J19=7825),8,"") | K52: =IF(OR(K$26="56h (7 dias)",K19=7823,K19=7825),8,"") | L52: =IF(OR(L$26="56h (7 dias)",L19=7823,L19=7825),8,"") | ... N52: =IF(OR(N$26="56h (7 dias)",N19=7823,N19=7825),8,"")
D53: Valor (R$) | E53: =IFERROR(SUM(E$32,E$35,E$39,E$46)/(VLOOKUP(E$26,'Apoio - Regime de Trabalho'!$A:$I,8,FALSE))*(1+E$51)*E$52,"") -> 98.175273 | F53: =IFERROR(SUM(F$32,F$35,F$39,F$46)/(VLOOKUP(F$26,'Apoio - Regime de Trabalho'!$A:$I,8,FALSE))*(1+F$51)*F$52,"") | G53: =IFERROR(SUM(G$32,G$35,G$39,G$46)/(VLOOKUP(G$26,'Apoio - Regime de Trabalho'!$A:$I,8,FALSE))*(1+G$51)*G$52,"") | H53: =IFERROR(SUM(H$32,H$35,H$39,H$46)/(VLOOKUP(H$26,'Apoio - Regime de Trabalho'!$A:$I,8,FALSE))*(1+H$51)*H$52,"") | I53: =IFERROR(SUM(I$32,I$35,I$39,I$46)/(VLOOKUP(I$26,'Apoio - Regime de Trabalho'!$A:$I,8,FALSE))*(1+I$51)*I$52,"") | J53: =IFERROR(SUM(J$32,J$35,J$39,J$46)/(VLOOKUP(J$26,'Apoio - Regime de Trabalho'!$A:$I,8,FALSE))*(1+J$51)*J$52,"") | K53: =IFERROR(SUM(K$32,K$35,K$39,K$46)/(VLOOKUP(K$26,'Apoio - Regime de Trabalho'!$A:$I,8,FALSE))*(1+K$51)*K$52,"") | L53: =IFERROR(SUM(L$32,L$35,L$39,L$46)/(VLOOKUP(L$26,'Apoio - Regime de Trabalho'!$A:$I,8,FALSE))*(1+L$51)*L$52,"") | ... N53: =IFERROR(SUM(N$32,N$35,N$39,N$46)/(VLOOKUP(N$26,'Apoio - Regime de Trabalho'!$A:$I,8,FALSE))*(1+N$51)*N$52,"")
B54: H | C54: Descanso Semanal Remunerado
C55: Sobre Adicional Noturno e Hora Noturna Reduzida | E55: =IF(E18="","",IFERROR(SUM(E$46,E49)*20%,"")) -> 0 | F55: =IF(F18="","",IFERROR(SUM(F$46,F49)*20%,"")) | G55: =IF(G18="","",IFERROR(SUM(G$46,G49)*20%,"")) | H55: =IF(H18="","",IFERROR(SUM(H$46,H49)*20%,"")) | I55: =IF(I18="","",IFERROR(SUM(I$46,I49)*20%,"")) | J55: =IF(J18="","",IFERROR(SUM(J$46,J49)*20%,"")) | K55: =IF(K18="","",IFERROR(SUM(K$46,K49)*20%,"")) | L55: =IF(L18="","",IFERROR(SUM(L$46,L49)*20%,"")) | ... N55: =IF(N18="","",IFERROR(SUM(N$46,N49)*20%,""))
C56: Sobre Horas Extras | D56: Sim | E56: =IFERROR(IF(E18="","",IF(D56="Não",0,E53*20%)),"") -> 19.635055 | F56: =IFERROR(IF(F18="","",IF(E56="Não",0,F53*20%)),"") | G56: =IFERROR(IF(G18="","",IF(F56="Não",0,G53*20%)),"") | H56: =IFERROR(IF(H18="","",IF(G56="Não",0,H53*20%)),"") | I56: =IFERROR(IF(I18="","",IF(H56="Não",0,I53*20%)),"") | J56: =IFERROR(IF(J18="","",IF(I56="Não",0,J53*20%)),"") | K56: =IFERROR(IF(K18="","",IF(J56="Não",0,K53*20%)),"") | L56: =IFERROR(IF(L18="","",IF(K56="Não",0,L53*20%)),"") | ... N56: =IFERROR(IF(N18="","",IF(M56="Não",0,N53*20%)),"")
C57: Sobre Adicional de Troca de Uniforme | E57: =IF(E20="","",IFERROR(E$59*20%,"")) -> 0 | F57: =IF(F20="","",IFERROR(F$59*20%,"")) | G57: =IF(G20="","",IFERROR(G$59*20%,"")) | H57: =IF(H20="","",IFERROR(H$59*20%,"")) | I57: =IF(I20="","",IFERROR(I$59*20%,"")) | J57: =IF(J20="","",IFERROR(J$59*20%,"")) | K57: =IF(K20="","",IFERROR(K$59*20%,"")) | L57: =IF(L20="","",IFERROR(L$59*20%,"")) | ... N57: =IF(N20="","",IFERROR(N$59*20%,""))
D58: Valor (R$) | E58: =IF(SUM(E55:E57)=0,"",SUM(E55:E57)) -> 19.635055 | F58: =IF(SUM(F55:F57)=0,"",SUM(F55:F57)) | G58: =IF(SUM(G55:G57)=0,"",SUM(G55:G57)) | H58: =IF(SUM(H55:H57)=0,"",SUM(H55:H57)) | I58: =IF(SUM(I55:I57)=0,"",SUM(I55:I57)) | J58: =IF(SUM(J55:J57)=0,"",SUM(J55:J57)) | K58: =IF(SUM(K55:K57)=0,"",SUM(K55:K57)) | L58: =IF(SUM(L55:L57)=0,"",SUM(L55:L57)) | ... N58: =IF(SUM(N55:N57)=0,"",SUM(N55:N57))
B59: I | C59: Adicional de Troca de Uniforme | E59: =IFERROR(IFERROR(VLOOKUP(E$18,'Apoio - Posto'!$A:$AA,12,FALSE),"")*VLOOKUP(E26,'Apoio - Regime de Trabalho'!$A:$I,7,FALSE),"") -> 0 | F59: =IFERROR(IFERROR(VLOOKUP(F$18,'Apoio - Posto'!$A:$AA,12,FALSE),"")*VLOOKUP(F26,'Apoio - Regime de Trabalho'!$A:$I,7,FALSE),"") | G59: =IFERROR(IFERROR(VLOOKUP(G$18,'Apoio - Posto'!$A:$AA,12,FALSE),"")*VLOOKUP(G26,'Apoio - Regime de Trabalho'!$A:$I,7,FALSE),"") | H59: =IFERROR(IFERROR(VLOOKUP(H$18,'Apoio - Posto'!$A:$AA,12,FALSE),"")*VLOOKUP(H26,'Apoio - Regime de Trabalho'!$A:$I,7,FALSE),"") | I59: =IFERROR(IFERROR(VLOOKUP(I$18,'Apoio - Posto'!$A:$AA,12,FALSE),"")*VLOOKUP(I26,'Apoio - Regime de Trabalho'!$A:$I,7,FALSE),"") | J59: =IFERROR(IFERROR(VLOOKUP(J$18,'Apoio - Posto'!$A:$AA,12,FALSE),"")*VLOOKUP(J26,'Apoio - Regime de Trabalho'!$A:$I,7,FALSE),"") | K59: =IFERROR(IFERROR(VLOOKUP(K$18,'Apoio - Posto'!$A:$AA,12,FALSE),"")*VLOOKUP(K26,'Apoio - Regime de Trabalho'!$A:$I,7,FALSE),"") | L59: =IFERROR(IFERROR(VLOOKUP(L$18,'Apoio - Posto'!$A:$AA,12,FALSE),"")*VLOOKUP(L26,'Apoio - Regime de Trabalho'!$A:$I,7,FALSE),"") | ... N59: =IFERROR(IFERROR(VLOOKUP(N$18,'Apoio - Posto'!$A:$AA,12,FALSE),"")*VLOOKUP(N26,'Apoio - Regime de Trabalho'!$A:$I,7,FALSE),"")
B60: J | C60: Outras remunerações (especificar)
C61: TOTAL MÓDULO 1 | E61: =IF(E20="","",SUM(E32,E35,E39,E42,E46,E49,E53,E58,E59,E60)) -> 1754.0649 | F61: =IF(F20="","",SUM(F32,F35,F39,F42,F46,F49,F53,F58,F59,F60)) | G61: =IF(G20="","",SUM(G32,G35,G39,G42,G46,G49,G53,G58,G59,G60)) | H61: =IF(H20="","",SUM(H32,H35,H39,H42,H46,H49,H53,H58,H59,H60)) | I61: =IF(I20="","",SUM(I32,I35,I39,I42,I46,I49,I53,I58,I59,I60)) | J61: =IF(J20="","",SUM(J32,J35,J39,J42,J46,J49,J53,J58,J59,J60)) | K61: =IF(K20="","",SUM(K32,K35,K39,K42,K46,K49,K53,K58,K59,K60)) | L61: =IF(L20="","",SUM(L32,L35,L39,L42,L46,L49,L53,L58,L59,L60)) | ... N61: =IF(N20="","",SUM(N32,N35,N39,N42,N46,N49,N53,N58,N59,N60))
C63: MÓDULO 2 - ENCARGOS E BENEFÍCIOS ANUAIS, MENSAIS E DIÁRIOS
C65: SUBMÓDULO 2.1 - 13º Salário, Férias e Adicional de Férias
B66: A | C66: 13º salário | D66: =IFERROR(INDEX('Apoio - Notas Explicativas'!Q:Q,MATCH(C66,'Apoio - Notas Explicativas'!C:C,0)),"") -> 0.0833 | E66: =IFERROR($D66*E$61,"") -> 146.1136 | F66: =IFERROR($D66*F$61,"") | G66: =IFERROR($D66*G$61,"") | H66: =IFERROR($D66*H$61,"") | I66: =IFERROR($D66*I$61,"") | J66: =IFERROR($D66*J$61,"") | K66: =IFERROR($D66*K$61,"") | L66: =IFERROR($D66*L$61,"") | ... N66: =IFERROR($D66*N$61,"")
B67: B | C67: Férias e Adicional de Férias | D67: =IFERROR(INDEX('Apoio - Notas Explicativas'!Q:Q,MATCH(C67,'Apoio - Notas Explicativas'!C:C,0)),"") -> 0.1111 | E67: =IFERROR($D67*E$61,"") -> 194.87661 | F67: =IFERROR($D67*F$61,"") | G67: =IFERROR($D67*G$61,"") | H67: =IFERROR($D67*H$61,"") | I67: =IFERROR($D67*I$61,"") | J67: =IFERROR($D67*J$61,"") | K67: =IFERROR($D67*K$61,"") | L67: =IFERROR($D67*L$61,"") | ... N67: =IFERROR($D67*N$61,"")
B68: C | C68: Incidência no Submódulo 2.2 sobre 13º salário e Férias | D68: =IFERROR(INDEX('Apoio - Notas Explicativas'!Q:Q,MATCH(C68,'Apoio - Notas Explicativas'!C:C,0)),"") -> 0.0716 | E68: =IFERROR($D68*E$61,"") -> 125.59104 | F68: =IFERROR($D68*F$61,"") | G68: =IFERROR($D68*G$61,"") | H68: =IFERROR($D68*H$61,"") | I68: =IFERROR($D68*I$61,"") | J68: =IFERROR($D68*J$61,"") | K68: =IFERROR($D68*K$61,"") | L68: =IFERROR($D68*L$61,"") | ... N68: =IFERROR($D68*N$61,"")
C69: TOTAL SUBMÓDULO 2.1 | E69: =IF(SUM(E66:E68)=0,"",SUM(E66:E68)) -> 466.58126 | F69: =IF(SUM(F66:F68)=0,"",SUM(F66:F68)) | G69: =IF(SUM(G66:G68)=0,"",SUM(G66:G68)) | H69: =IF(SUM(H66:H68)=0,"",SUM(H66:H68)) | I69: =IF(SUM(I66:I68)=0,"",SUM(I66:I68)) | J69: =IF(SUM(J66:J68)=0,"",SUM(J66:J68)) | K69: =IF(SUM(K66:K68)=0,"",SUM(K66:K68)) | L69: =IF(SUM(L66:L68)=0,"",SUM(L66:L68)) | ... N69: =IF(SUM(N66:N68)=0,"",SUM(N66:N68))
C71: SUBMÓDULO 2.2 - Encargos Previdenciários e FGTS e Outras Contribuições
B72: A | C72: INSS | D72: =IFERROR(INDEX('Apoio - Notas Explicativas'!Q:Q,MATCH(C72,'Apoio - Notas Explicativas'!C:C,0)),"") -> 0.2 | E72: =IFERROR($D72*E$61,"") -> 350.81297 | F72: =IFERROR($D72*F$61,"") | G72: =IFERROR($D72*G$61,"") | H72: =IFERROR($D72*H$61,"") | I72: =IFERROR($D72*I$61,"") | J72: =IFERROR($D72*J$61,"") | K72: =IFERROR($D72*K$61,"") | L72: =IFERROR($D72*L$61,"") | ... N72: =IFERROR($D72*N$61,"")
B73: B | C73: SESI OU SESC | D73: =IFERROR(INDEX('Apoio - Notas Explicativas'!Q:Q,MATCH(C73,'Apoio - Notas Explicativas'!C:C,0)),"") -> 0.015 | E73: =IFERROR($D73*E$61,"") -> 26.310973 | F73: =IFERROR($D73*F$61,"") | G73: =IFERROR($D73*G$61,"") | H73: =IFERROR($D73*H$61,"") | I73: =IFERROR($D73*I$61,"") | J73: =IFERROR($D73*J$61,"") | K73: =IFERROR($D73*K$61,"") | L73: =IFERROR($D73*L$61,"") | ... N73: =IFERROR($D73*N$61,"")
B74: C | C74: SENAI OU SENAC | D74: =IFERROR(INDEX('Apoio - Notas Explicativas'!Q:Q,MATCH(C74,'Apoio - Notas Explicativas'!C:C,0)),"") -> 0.01 | E74: =IFERROR($D74*E$61,"") -> 17.540649 | F74: =IFERROR($D74*F$61,"") | G74: =IFERROR($D74*G$61,"") | H74: =IFERROR($D74*H$61,"") | I74: =IFERROR($D74*I$61,"") | J74: =IFERROR($D74*J$61,"") | K74: =IFERROR($D74*K$61,"") | L74: =IFERROR($D74*L$61,"") | ... N74: =IFERROR($D74*N$61,"")
B75: D | C75: INCRA | D75: =IFERROR(INDEX('Apoio - Notas Explicativas'!Q:Q,MATCH(C75,'Apoio - Notas Explicativas'!C:C,0)),"") -> 0.002 | E75: =IFERROR($D75*E$61,"") -> 3.5081297 | F75: =IFERROR($D75*F$61,"") | G75: =IFERROR($D75*G$61,"") | H75: =IFERROR($D75*H$61,"") | I75: =IFERROR($D75*I$61,"") | J75: =IFERROR($D75*J$61,"") | K75: =IFERROR($D75*K$61,"") | L75: =IFERROR($D75*L$61,"") | ... N75: =IFERROR($D75*N$61,"")
B76: E | C76: Salário educação | D76: =IFERROR(INDEX('Apoio - Notas Explicativas'!Q:Q,MATCH(C76,'Apoio - Notas Explicativas'!C:C,0)),"") -> 0.025 | E76: =IFERROR($D76*E$61,"") -> 43.851622 | F76: =IFERROR($D76*F$61,"") | G76: =IFERROR($D76*G$61,"") | H76: =IFERROR($D76*H$61,"") | I76: =IFERROR($D76*I$61,"") | J76: =IFERROR($D76*J$61,"") | K76: =IFERROR($D76*K$61,"") | L76: =IFERROR($D76*L$61,"") | ... N76: =IFERROR($D76*N$61,"")
B77: F | C77: FGTS | D77: =IFERROR(INDEX('Apoio - Notas Explicativas'!Q:Q,MATCH(C77,'Apoio - Notas Explicativas'!C:C,0)),"") -> 0.08 | E77: =IFERROR($D77*E$61,"") -> 140.32519 | F77: =IFERROR($D77*F$61,"") | G77: =IFERROR($D77*G$61,"") | H77: =IFERROR($D77*H$61,"") | I77: =IFERROR($D77*I$61,"") | J77: =IFERROR($D77*J$61,"") | K77: =IFERROR($D77*K$61,"") | L77: =IFERROR($D77*L$61,"") | ... N77: =IFERROR($D77*N$61,"")
B78: G | C78: =CONCATENATE("GILL/RAT (RAT ",D79," x FAP ",D80,")") -> GILL/RAT (RAT 0,03 x FAP 1)
C79: RAT | D79: =VLOOKUP(C79,'Apoio - Notas Explicativas'!$C:$Q,14,FALSE) -> 0.03
C80: FAP | D80: =VLOOKUP(C80,'Apoio - Notas Explicativas'!$C:$Q,14,FALSE) -> 1
D81: =D80*D79 -> 0.03 | E81: =IFERROR($D81*E$61,"") -> 52.621946 | F81: =IFERROR($D81*F$61,"") | G81: =IFERROR($D81*G$61,"") | H81: =IFERROR($D81*H$61,"") | I81: =IFERROR($D81*I$61,"") | J81: =IFERROR($D81*J$61,"") | K81: =IFERROR($D81*K$61,"") | L81: =IFERROR($D81*L$61,"") | ... N81: =IFERROR($D81*N$61,"")
B82: H | C82: SEBRAE | D82: =IFERROR(INDEX('Apoio - Notas Explicativas'!Q:Q,MATCH(C82,'Apoio - Notas Explicativas'!C:C,0)),"") -> 0.006 | E82: =IFERROR($D82*E$61,"") -> 10.524389 | F82: =IFERROR($D82*F$61,"") | G82: =IFERROR($D82*G$61,"") | H82: =IFERROR($D82*H$61,"") | I82: =IFERROR($D82*I$61,"") | J82: =IFERROR($D82*J$61,"") | K82: =IFERROR($D82*K$61,"") | L82: =IFERROR($D82*L$61,"") | ... N82: =IFERROR($D82*N$61,"")
C83: TOTAL SUBMÓDULO 2.2 | E83: =IF((SUM(E72:E77,E81,E82))=0,"",(SUM(E72:E77,E81,E82))) -> 645.49587 | F83: =IF((SUM(F72:F77,F81,F82))=0,"",(SUM(F72:F77,F81,F82))) | G83: =IF((SUM(G72:G77,G81,G82))=0,"",(SUM(G72:G77,G81,G82))) | H83: =IF((SUM(H72:H77,H81,H82))=0,"",(SUM(H72:H77,H81,H82))) | I83: =IF((SUM(I72:I77,I81,I82))=0,"",(SUM(I72:I77,I81,I82))) | J83: =IF((SUM(J72:J77,J81,J82))=0,"",(SUM(J72:J77,J81,J82))) | K83: =IF((SUM(K72:K77,K81,K82))=0,"",(SUM(K72:K77,K81,K82))) | L83: =IF((SUM(L72:L77,L81,L82))=0,"",(SUM(L72:L77,L81,L82))) | ... N83: =IF((SUM(N72:N77,N81,N82))=0,"",(SUM(N72:N77,N81,N82)))
C85: SUBMÓDULO 2.3 - Encargos e Benefícios Anuais, Mensais e Diários
B86: A | C86: Auxílio Transporte
C87: Valor da passagem do transporte coletivo | E87: =IF(E18="","",4.8) -> 4.8 | F87: =IF(F18="","",4.8) | G87: =IF(G18="","",4.8) | H87: =IF(H18="","",4.8) | I87: =IF(I18="","",4.8) | J87: =IF(J18="","",4.8) | K87: =IF(K18="","",4.8) | L87: =IF(L18="","",4.8) | ... N87: =IF(N18="","",4.8)
C88: Quantidade de passagens por dia | E88: =IF(E18="","",2) -> 2 | F88: =IF(F18="","",2) | G88: =IF(G18="","",2) | H88: =IF(H18="","",2) | I88: =IF(I18="","",2) | J88: =IF(J18="","",2) | K88: =IF(K18="","",2) | L88: =IF(L18="","",2) | ... N88: =IF(N18="","",2)
C89: Quantidade de dias do mês de recebimento | E89: =IFERROR(IF(E18="","",VLOOKUP(E26,'Apoio - Regime de Trabalho'!$A:$G,7,FALSE)),"") -> 22 | F89: =IFERROR(IF(F18="","",VLOOKUP(F26,'Apoio - Regime de Trabalho'!$A:$G,7,FALSE)),"") | G89: =IFERROR(IF(G18="","",VLOOKUP(G26,'Apoio - Regime de Trabalho'!$A:$G,7,FALSE)),"") | H89: =IFERROR(IF(H18="","",VLOOKUP(H26,'Apoio - Regime de Trabalho'!$A:$G,7,FALSE)),"") | I89: =IFERROR(IF(I18="","",VLOOKUP(I26,'Apoio - Regime de Trabalho'!$A:$G,7,FALSE)),"") | J89: =IFERROR(IF(J18="","",VLOOKUP(J26,'Apoio - Regime de Trabalho'!$A:$G,7,FALSE)),"") | K89: =IFERROR(IF(K18="","",VLOOKUP(K26,'Apoio - Regime de Trabalho'!$A:$G,7,FALSE)),"") | L89: =IFERROR(IF(L18="","",VLOOKUP(L26,'Apoio - Regime de Trabalho'!$A:$G,7,FALSE)),"") | ... N89: =IFERROR(IF(N18="","",VLOOKUP(N26,'Apoio - Regime de Trabalho'!$A:$G,7,FALSE)),"")
C90: Participação do empregado no custo | E90: =IF(E18="","",IFERROR(VLOOKUP(E$18,'Apoio - Posto'!$A:$AA,16,FALSE),6%)) -> 0.06 | F90: =IF(F18="","",IFERROR(VLOOKUP(F$18,'Apoio - Posto'!$A:$AA,16,FALSE),6%)) | G90: =IF(G18="","",IFERROR(VLOOKUP(G$18,'Apoio - Posto'!$A:$AA,16,FALSE),6%)) | H90: =IF(H18="","",IFERROR(VLOOKUP(H$18,'Apoio - Posto'!$A:$AA,16,FALSE),6%)) | I90: =IF(I18="","",IFERROR(VLOOKUP(I$18,'Apoio - Posto'!$A:$AA,16,FALSE),6%)) | J90: =IF(J18="","",IFERROR(VLOOKUP(J$18,'Apoio - Posto'!$A:$AA,16,FALSE),6%)) | K90: =IF(K18="","",IFERROR(VLOOKUP(K$18,'Apoio - Posto'!$A:$AA,16,FALSE),6%)) | L90: =IF(L18="","",IFERROR(VLOOKUP(L$18,'Apoio - Posto'!$A:$AA,16,FALSE),6%)) | ... N90: =IF(N18="","",IFERROR(VLOOKUP(N$18,'Apoio - Posto'!$A:$AA,16,FALSE),6%))
D91: Valor (R$) | E91: =IFERROR((E87*E88*E89)-(E$90*E$32),"") -> 113.02473 | F91: =IFERROR((F87*F88*F89)-(F$90*F$32),"") | G91: =IFERROR((G87*G88*G89)-(G$90*G$32),"") | H91: =IFERROR((H87*H88*H89)-(H$90*H$32),"") | I91: =IFERROR((I87*I88*I89)-(I$90*I$32),"") | J91: =IFERROR((J87*J88*J89)-(J$90*J$32),"") | K91: =IFERROR((K87*K88*K89)-(K$90*K$32),"") | L91: =IFERROR((L87*L88*L89)-(L$90*L$32),"") | ... N91: =IFERROR((N87*N88*N89)-(N$90*N$32),"")
B92: B | C92: Auxílio-Refeição/Alimentação
C93: Valor do Auxílio-Alimentação | E93: =IFERROR(VLOOKUP(E$18,'Apoio - Posto'!$A:$AA,IF(VLOOKUP(E26,'Apoio - Regime de Trabalho'!$A:$I,8,FALSE)>=200,9,10),FALSE),"") -> 22.366 | F93: =IFERROR(VLOOKUP(F$18,'Apoio - Posto'!$A:$AA,IF(VLOOKUP(F26,'Apoio - Regime de Trabalho'!$A:$I,8,FALSE)>=200,9,10),FALSE),"") | G93: =IFERROR(VLOOKUP(G$18,'Apoio - Posto'!$A:$AA,IF(VLOOKUP(G26,'Apoio - Regime de Trabalho'!$A:$I,8,FALSE)>=200,9,10),FALSE),"") | H93: =IFERROR(VLOOKUP(H$18,'Apoio - Posto'!$A:$AA,IF(VLOOKUP(H26,'Apoio - Regime de Trabalho'!$A:$I,8,FALSE)>=200,9,10),FALSE),"") | I93: =IFERROR(VLOOKUP(I$18,'Apoio - Posto'!$A:$AA,IF(VLOOKUP(I26,'Apoio - Regime de Trabalho'!$A:$I,8,FALSE)>=200,9,10),FALSE),"") | J93: =IFERROR(VLOOKUP(J$18,'Apoio - Posto'!$A:$AA,IF(VLOOKUP(J26,'Apoio - Regime de Trabalho'!$A:$I,8,FALSE)>=200,9,10),FALSE),"") | K93: =IFERROR(VLOOKUP(K$18,'Apoio - Posto'!$A:$AA,IF(VLOOKUP(K26,'Apoio - Regime de Trabalho'!$A:$I,8,FALSE)>=200,9,10),FALSE),"") | L93: =IFERROR(VLOOKUP(L$18,'Apoio - Posto'!$A:$AA,IF(VLOOKUP(L26,'Apoio - Regime de Trabalho'!$A:$I,8,FALSE)>=200,9,10),FALSE),"") | ... N93: =IFERROR(VLOOKUP(N$18,'Apoio - Posto'!$A:$AA,IF(VLOOKUP(N26,'Apoio - Regime de Trabalho'!$A:$I,8,FALSE)>=200,9,10),FALSE),"")
C94: Quantidade de vales recebidos por funcionário | E94: =IFERROR(IF(E18="","",VLOOKUP(E26,'Apoio - Regime de Trabalho'!$A:$G,7,FALSE)),"") -> 22 | F94: =IFERROR(IF(F18="","",VLOOKUP(F26,'Apoio - Regime de Trabalho'!$A:$G,7,FALSE)),"") | G94: =IFERROR(IF(G18="","",VLOOKUP(G26,'Apoio - Regime de Trabalho'!$A:$G,7,FALSE)),"") | H94: =IFERROR(IF(H18="","",VLOOKUP(H26,'Apoio - Regime de Trabalho'!$A:$G,7,FALSE)),"") | I94: =IFERROR(IF(I18="","",VLOOKUP(I26,'Apoio - Regime de Trabalho'!$A:$G,7,FALSE)),"") | J94: =IFERROR(IF(J18="","",VLOOKUP(J26,'Apoio - Regime de Trabalho'!$A:$G,7,FALSE)),"") | K94: =IFERROR(IF(K18="","",VLOOKUP(K26,'Apoio - Regime de Trabalho'!$A:$G,7,FALSE)),"") | L94: =IFERROR(IF(L18="","",VLOOKUP(L26,'Apoio - Regime de Trabalho'!$A:$G,7,FALSE)),"") | ... N94: =IFERROR(IF(N18="","",VLOOKUP(N26,'Apoio - Regime de Trabalho'!$A:$G,7,FALSE)),"")
C95: Participação do empregado no custo (%) | E95: =IFERROR(VLOOKUP(E$18,'Apoio - Posto'!$A:$AA,17,FALSE),"") -> 0.2 | F95: =IFERROR(VLOOKUP(F$18,'Apoio - Posto'!$A:$AA,17,FALSE),"") | G95: =IFERROR(VLOOKUP(G$18,'Apoio - Posto'!$A:$AA,17,FALSE),"") | H95: =IFERROR(VLOOKUP(H$18,'Apoio - Posto'!$A:$AA,17,FALSE),"") | I95: =IFERROR(VLOOKUP(I$18,'Apoio - Posto'!$A:$AA,17,FALSE),"") | J95: =IFERROR(VLOOKUP(J$18,'Apoio - Posto'!$A:$AA,17,FALSE),"") | K95: =IFERROR(VLOOKUP(K$18,'Apoio - Posto'!$A:$AA,17,FALSE),"") | L95: =IFERROR(VLOOKUP(L$18,'Apoio - Posto'!$A:$AA,17,FALSE),"") | ... N95: =IFERROR(VLOOKUP(N$18,'Apoio - Posto'!$A:$AA,17,FALSE),"")
D96: Valor (R$) | E96: =IFERROR((E93*E94)-(E$93*E$94*E$95),"") -> 393.6416 | F96: =IFERROR((F93*F94)-(F$93*F$94*F$95),"") | G96: =IFERROR((G93*G94)-(G$93*G$94*G$95),"") | H96: =IFERROR((H93*H94)-(H$93*H$94*H$95),"") | I96: =IFERROR((I93*I94)-(I$93*I$94*I$95),"") | J96: =IFERROR((J93*J94)-(J$93*J$94*J$95),"") | K96: =IFERROR((K93*K94)-(K$93*K$94*K$95),"") | L96: =IFERROR((L93*L94)-(L$93*L$94*L$95),"") | ... N96: =IFERROR((N93*N94)-(N$93*N$94*N$95),"")
B97: C | C97: Assistência Médica e Familiar
C98: Valor previsto em CCT/ACT
C99: Participação do empregado no custo (%)
D100: Valor (R$) | E100: =IF(E20="","",IFERROR((E$98)-(E$99*E$98),"")) -> 0 | F100: =IF(F20="","",IFERROR((F$98)-(F$99*F$98),"")) | G100: =IF(G20="","",IFERROR((G$98)-(G$99*G$98),"")) | H100: =IF(H20="","",IFERROR((H$98)-(H$99*H$98),"")) | I100: =IF(I20="","",IFERROR((I$98)-(I$99*I$98),"")) | J100: =IF(J20="","",IFERROR((J$98)-(J$99*J$98),"")) | K100: =IF(K20="","",IFERROR((K$98)-(K$99*K$98),"")) | L100: =IF(L20="","",IFERROR((L$98)-(L$99*L$98),"")) | ... N100: =IF(N20="","",IFERROR((N$98)-(N$99*N$98),""))
B101: D | C101: Seguro de vida em grupo | E101: =IFERROR(VLOOKUP(E$18,'Apoio - Posto'!$A:$AA,19,FALSE),"") -> 19.42 | F101: =IFERROR(VLOOKUP(F$18,'Apoio - Posto'!$A:$AA,19,FALSE),"") | G101: =IFERROR(VLOOKUP(G$18,'Apoio - Posto'!$A:$AA,19,FALSE),"") | H101: =IFERROR(VLOOKUP(H$18,'Apoio - Posto'!$A:$AA,19,FALSE),"") | I101: =IFERROR(VLOOKUP(I$18,'Apoio - Posto'!$A:$AA,19,FALSE),"") | J101: =IFERROR(VLOOKUP(J$18,'Apoio - Posto'!$A:$AA,19,FALSE),"") | K101: =IFERROR(VLOOKUP(K$18,'Apoio - Posto'!$A:$AA,19,FALSE),"") | L101: =IFERROR(VLOOKUP(L$18,'Apoio - Posto'!$A:$AA,19,FALSE),"") | ... N101: =IFERROR(VLOOKUP(N$18,'Apoio - Posto'!$A:$AA,19,FALSE),"")
B102: E | C102: Auxílio-Funeral
B103: F | C103: Cesta Básica
C104: Valor previsto em CCT/ACT
C105: Participação do empregado no custo
D106: Valor (R$) | E106: =IF(E20="","",IFERROR((E104)-(E$105*E$104),"")) -> 0 | F106: =IF(F20="","",IFERROR((F104)-(F$105*F$104),"")) | G106: =IF(G20="","",IFERROR((G104)-(G$105*G$104),"")) | H106: =IF(H20="","",IFERROR((H104)-(H$105*H$104),"")) | I106: =IF(I20="","",IFERROR((I104)-(I$105*I$104),"")) | J106: =IF(J20="","",IFERROR((J104)-(J$105*J$104),"")) | K106: =IF(K20="","",IFERROR((K104)-(K$105*K$104),"")) | L106: =IF(L20="","",IFERROR((L104)-(L$105*L$104),"")) | ... N106: =IF(N20="","",IFERROR((N104)-(N$105*N$104),""))
B107: G | C107: Plano de Benefício Social Familiar | D107: =IFERROR(VLOOKUP(E18,'Apoio - Posto'!A:J,14,FALSE),"") | E107: =IFERROR(VLOOKUP(E$18,'Apoio - Posto'!$A:$AA,18,FALSE),"") -> 0 | F107: =IFERROR(VLOOKUP(F$18,'Apoio - Posto'!$A:$AA,18,FALSE),"") | G107: =IFERROR(VLOOKUP(G$18,'Apoio - Posto'!$A:$AA,18,FALSE),"") | H107: =IFERROR(VLOOKUP(H$18,'Apoio - Posto'!$A:$AA,18,FALSE),"") | I107: =IFERROR(VLOOKUP(I$18,'Apoio - Posto'!$A:$AA,18,FALSE),"") | J107: =IFERROR(VLOOKUP(J$18,'Apoio - Posto'!$A:$AA,18,FALSE),"") | K107: =IFERROR(VLOOKUP(K$18,'Apoio - Posto'!$A:$AA,18,FALSE),"") | L107: =IFERROR(VLOOKUP(L$18,'Apoio - Posto'!$A:$AA,18,FALSE),"") | ... N107: =IFERROR(VLOOKUP(N$18,'Apoio - Posto'!$A:$AA,18,FALSE),"")
B108: H | C108: Outros (especificar)
C109: Valor do benefício
...

Sheet Veículos
C2: DADOS REFERENTES À CONTRATAÇÃO | E2: Veículo A | F2: Veículo B | G2: Veículo C | H2: Veículo D | I2: Veículo E
C3: Tipo de Veículo | E3: Furgão baú
C4: Quantidade de veículos | E4: 1
C5: Quilômetros por mês | E5: 1250
C7: DETALHAMENTO ITEM A SUBMOD 5.2.1 - MANUTENÇÃO MENSAL DO VEÍCULO
B8: A.1 | C8: Custos com Combustível
C9: Quilometragem/litro | E9: 12
C10: Tipo de Combustível | E10: Gasolina
C11: Preço por litro | E11: 5.75
D12: Valor (R$) | E12: =IFERROR(E5*E11/E9,"") -> 598.95833 | F12: =IFERROR(F5*F11/F9,"") | G12: =IFERROR(G5*G11/G9,"") | H12: =IFERROR(H5*H11/H9,"") | I12: =IFERROR(I5*I11/I9,"")
B13: A.2 | C13: Custos com Óleo
C14: Litros por troca | E14: 12
C15: Frequência da troca | E15: 10000
C16: Preço por Litro - Óleo Motor | E16: 30
D17: Valor (R$) | E17: =IFERROR(IF(E3="","",E16*E14*E5/E15),"") -> 45 | F17: =IFERROR(IF(F3="","",F16*F14*F5/F15),"") | G17: =IFERROR(IF(G3="","",G16*G14*G5/G15),"") | H17: =IFERROR(IF(H3="","",H16*H14*H5/H15),"") | I17: =IFERROR(IF(I3="","",I16*I14*I5/I15),"")
B18: A.3 | C18: Custos com Filtro Óleo
C19: Frequência da troca | E19: 10000
C20: Preço Filtro de óleo | E20: 30
D21: Valor (R$) | E21: =IFERROR(IF(E3="","",E20*E5/E19),"") -> 3.75 | F21: =IFERROR(IF(F3="","",F20*F5/F19),"") | G21: =IFERROR(IF(G3="","",G20*G5/G19),"") | H21: =IFERROR(IF(H3="","",H20*H5/H19),"") | I21: =IFERROR(IF(I3="","",I20*I5/I19),"")
B22: A.4 | C22: Custo com Pneu jogo de pneus
C23: Custo do pneu | E23: 1000
C24: Quantidade | E24: 4
C25: Durabilidade (em Km) | E25: 50000
D26: Valor (R$) | E26: =IFERROR((E23*E24*E5/E25),"") -> 100 | F26: =IFERROR((F23*F24*F5/F25),"") | G26: =IFERROR((G23*G24*G5/G25),"") | H26: =IFERROR((H23*H24*H5/H25),"") | I26: =IFERROR((I23*I24*I5/I25),"")
B27: A.5 | C27: Custo estimado com manutenção
C28: Taxa de manutenção anual | E28: 0.03
C29: Custo de aquisição do veículo | E29: 159394.67
C30: Outros custos (especificar)
C31: Outros custos (especificar)
C32: Custo de aquisição do veículo (total) | E32: =IF(E3="","",SUM(E29:E31)) -> 159394.67 | F32: =IF(F3="","",SUM(F29:F31)) | G32: =IF(G3="","",SUM(G29:G31)) | H32: =IF(H3="","",SUM(H29:H31)) | I32: =IF(I3="","",SUM(I29:I31))
D33: Valor (R$) | E33: =IF(E3="","",E28*E32/12) -> 398.48668 | F33: =IF(F3="","",F28*F32/12) | G33: =IF(G3="","",G28*G32/12) | H33: =IF(H3="","",H28*H32/12) | I33: =IF(I3="","",I28*I32/12)
C34: SUBTOTAL ITEM A SUBMOD 5.2.1 | E34: =IF(E3="","",SUM(E12,E17,E21,E26,E33)) -> 1146.195 | F34: =IF(F3="","",SUM(F12,F17,F21,F26,F33)) | G34: =IF(G3="","",SUM(G12,G17,G21,G26,G33)) | H34: =IF(H3="","",SUM(H12,H17,H21,H26,H33)) | I34: =IF(I3="","",SUM(I12,I17,I21,I26,I33))
C36: DETALHAMENTO ITEM B SUBMOD 5.2.2 - CUSTOS OBRIGATÓRIOS MENSAIS DO VEÍCULO
B37: B.1 | C37: IPVA | D37: 0.01 | E37: =IF(E3="","",E29*$D$37/Proposta!$J$6) -> 132.82889 | F37: =IF(F3="","",F29*$D$37/Proposta!$J$6) | G37: =IF(G3="","",G29*$D$37/Proposta!$J$6) | H37: =IF(H3="","",H29*$D$37/Proposta!$J$6) | I37: =IF(I3="","",I29*$D$37/Proposta!$J$6)
B38: B.2 | C38: Licenciamento | D38: 286.94 | E38: =IF(E$3="","",$D$38/Proposta!$J$6) -> 23.911667 | F38: =IF(F$3="","",$D$38/Proposta!$J$6) | G38: =IF(G$3="","",$D$38/Proposta!$J$6) | H38: =IF(H$3="","",$D$38/Proposta!$J$6) | I38: =IF(I$3="","",$D$38/Proposta!$J$6)
B39: B.3 | C39: Vistoria EPTC
C40: Quantidade de vistorias no período contratual | E40: 2
C41: Valor da vistoria | D41: 77.88 | E41: =IF(E3="","",$D$41) -> 77.88 | F41: =IF(F3="","",$D$41) | G41: =IF(G3="","",$D$41) | H41: =IF(H3="","",$D$41) | I41: =IF(I3="","",$D$41)
D42: Valor (R$) | E42: =IF(E$3="","",E40*E41/Proposta!$J$6) -> 12.98 | F42: =IF(F$3="","",F40*F41/Proposta!$J$6) | G42: =IF(G$3="","",G40*G41/Proposta!$J$6) | H42: =IF(H$3="","",H40*H41/Proposta!$J$6) | I42: =IF(I$3="","",I40*I41/Proposta!$J$6)
B43: B.4 | C43: Seguro contra terceiros | D43: 0.02 | E43: =IF(E3="","",E32*$D$43/Proposta!$J$6) -> 265.65778 | F43: =IF(F3="","",F32*$D$43/Proposta!$J$6) | G43: =IF(G3="","",G32*$D$43/Proposta!$J$6) | H43: =IF(H3="","",H32*$D$43/Proposta!$J$6) | I43: =IF(I3="","",I32*$D$43/Proposta!$J$6)
B44: B.5 | C44: Rastreador GPS
C45: Custos de instalação (informar custo total)
C46: Custos de mensalidade
D47: Valor (R$) | E47: =IF(E3="","",IFERROR((E45/Proposta!$J$6)+E46,0)) -> 0 | F47: =IF(F3="","",IFERROR((F45/Proposta!$J$6)+F46,0)) | G47: =IF(G3="","",IFERROR((G45/Proposta!$J$6)+G46,0)) | H47: =IF(H3="","",IFERROR((H45/Proposta!$J$6)+H46,0)) | I47: =IF(I3="","",IFERROR((I45/Proposta!$J$6)+I46,0))
C48: SUBTOTAL ITEM B SUBMOD 5.2.2 | E48: =IF(E3="","",SUM(E37,E38,E42,E43,E47)) -> 435.37834 | F48: =IF(F3="","",SUM(F37,F38,F42,F43,F47)) | G48: =IF(G3="","",SUM(G37,G38,G42,G43,G47)) | H48: =IF(H3="","",SUM(H37,H38,H42,H43,H47)) | I48: =IF(I3="","",SUM(I37,I38,I42,I43,I47))
C50: DETALHAMENTO ITEM C SUBMOD 5.2.3 - REMUNERAÇÃO DO CAPITAL E DEPRECIAÇÃO MENSAL DO VEÍCULO
B51: C.1 | C51: Depreciação mensal | D51: =IFERROR(($D$53)/D52,"") -> 0.0066666667
C52: Tempo de depreciação | D52: 60
C53: Valor a depreciar | D53: 0.4 | E53: =IF(E3="","",IFERROR(E32*$D$53,"")) -> 63757.868 | F53: =IF(F3="","",IFERROR(F32*$D$53,"")) | G53: =IF(G3="","",IFERROR(G32*$D$53,"")) | H53: =IF(H3="","",IFERROR(H32*$D$53,"")) | I53: =IF(I3="","",IFERROR(I32*$D$53,""))
D54: Valor (R$) | E54: =IF(E3="","",IFERROR(E32*$D$51,"")) -> 1062.6311 | F54: =IF(F3="","",IFERROR(F32*$D$51,"")) | G54: =IF(G3="","",IFERROR(G32*$D$51,"")) | H54: =IF(H3="","",IFERROR(H32*$D$51,"")) | I54: =IF(I3="","",IFERROR(I32*$D$51,""))
B55: C.2 | C55: Remuneração mensal de capital
C56: Taxa anual | D56: 0.105
C57: Taxa mensal | D57: =ROUND(POWER((100%+D56),1/12)-100%,4) -> 0.0084
D58: Valor (R$) | E58: =IF(E3="","",IFERROR(E32*$D$57,"")) -> 1338.9152 | F58: =IF(F3="","",IFERROR(F32*$D$57,"")) | G58: =IF(G3="","",IFERROR(G32*$D$57,"")) | H58: =IF(H3="","",IFERROR(H32*$D$57,"")) | I58: =IF(I3="","",IFERROR(I32*$D$57,""))
C59: SUBTOTAL ITEM C SUBMOD 5.2.3 | E59: =IF(E3="","",SUM(E58,E54)) -> 2401.5464 | F59: =IF(F3="","",SUM(F58,F54)) | G59: =IF(G3="","",SUM(G58,G54)) | H59: =IF(H3="","",SUM(H58,H54)) | I59: =IF(I3="","",SUM(I58,I54))
C61: SUBMÓDULO 5.2.4 - CUSTOS INDIRETOS
C63: SUBMÓDULO 5.2.4.1 - Custos administrativos e lucros
B64: A | C64: Custos administrativos | D64: ='Mão de Obra'!D155 -> 0.05 | E64: =IF(E3="","",IFERROR(ROUND($D64*E$88,2),"")) -> 199.16 | F64: =IF(F3="","",IFERROR(ROUND($D64*F$88,2),"")) | G64: =IF(G3="","",IFERROR(ROUND($D64*G$88,2),"")) | H64: =IF(H3="","",IFERROR(ROUND($D64*H$88,2),"")) | I64: =IF(I3="","",IFERROR(ROUND($D64*I$88,2),""))
B65: B | C65: Lucros | D65: ='Mão de Obra'!D156 -> 0.1 | E65: =IF(E4="","",IFERROR(ROUND($D65*SUM(E$64,E$88),2),"")) -> 418.23 | F65: =IF(F4="","",IFERROR(ROUND($D65*SUM(F$64,F$88),2),"")) | G65: =IF(G4="","",IFERROR(ROUND($D65*SUM(G$64,G$88),2),"")) | H65: =IF(H4="","",IFERROR(ROUND($D65*SUM(H$64,H$88),2),"")) | I65: =IF(I4="","",IFERROR(ROUND($D65*SUM(I$64,I$88),2),""))
C66: TOTAL SUBMÓDULO 5.2.4.1 | E66: =IF(E3="","",SUM(E64:E65)) -> 617.39 | F66: =IF(F3="","",SUM(F64:F65)) | G66: =IF(G3="","",SUM(G64:G65)) | H66: =IF(H3="","",SUM(H64:H65)) | I66: =IF(I3="","",SUM(I64:I65))
C68: SUBMÓDULO 5.2.4.2 - Tributos
B69: A | C69: COFINS | D69: ='Mão de Obra'!D160 -> 0.03 | E69: =IF(E$3="","",IFERROR(ROUND(SUM(E$88,E$66)*$D69/(1-SUM($D$69:$D$74,E$72)),2),"")) -> 147.06 | F69: =IF(F$3="","",IFERROR(ROUND(SUM(F$88,F$66)*$D69/(1-SUM($D$69:$D$74,F$72)),2),"")) | G69: =IF(G$3="","",IFERROR(ROUND(SUM(G$88,G$66)*$D69/(1-SUM($D$69:$D$74,G$72)),2),"")) | H69: =IF(H$3="","",IFERROR(ROUND(SUM(H$88,H$66)*$D69/(1-SUM($D$69:$D$74,H$72)),2),"")) | I69: =IF(I$3="","",IFERROR(ROUND(SUM(I$88,I$66)*$D69/(1-SUM($D$69:$D$74,I$72)),2),""))
B70: B | C70: PIS/PASEP | D70: ='Mão de Obra'!D161 -> 0.0065 | E70: =IF(E$3="","",IFERROR(ROUND(SUM(E$88,E$66)*$D70/(1-SUM($D$69:$D$74,E$72)),2),"")) -> 31.86 | F70: =IF(F$3="","",IFERROR(ROUND(SUM(F$88,F$66)*$D70/(1-SUM($D$69:$D$74,F$72)),2),"")) | G70: =IF(G$3="","",IFERROR(ROUND(SUM(G$88,G$66)*$D70/(1-SUM($D$69:$D$74,G$72)),2),"")) | H70: =IF(H$3="","",IFERROR(ROUND(SUM(H$88,H$66)*$D70/(1-SUM($D$69:$D$74,H$72)),2),"")) | I70: =IF(I$3="","",IFERROR(ROUND(SUM(I$88,I$66)*$D70/(1-SUM($D$69:$D$74,I$72)),2),""))
B71: C | C71: ISSQN
C72: Alíquota | E72: 0.025 | F72: 0.025 | G72: 0.025 | H72: 0.025 | I72: 0.025
D73: Valor (R$) | E73: =IF(E$3="","",IFERROR(ROUND(SUM(E$88,E$66)*$E72/(1-SUM($D$69:$D$74,E$72)),2),"")) -> 122.55 | F73: =IF(F$3="","",IFERROR(ROUND(SUM(F$88,F$66)*$E72/(1-SUM($D$69:$D$74,F$72)),2),"")) | G73: =IF(G$3="","",IFERROR(ROUND(SUM(G$88,G$66)*$E72/(1-SUM($D$69:$D$74,G$72)),2),"")) | H73: =IF(H$3="","",IFERROR(ROUND(SUM(H$88,H$66)*$E72/(1-SUM($D$69:$D$74,H$72)),2),"")) | I73: =IF(I$3="","",IFERROR(ROUND(SUM(I$88,I$66)*$E72/(1-SUM($D$69:$D$74,I$72)),2),""))
B74: D | C74: Outros | D74: ='Mão de Obra'!D165 -> 0 | E74: =IF(E$3="","",IFERROR(ROUND(SUM(E$88,E$66)*$D74/(1-SUM($D$69:$D$74,E$72)),2),"")) -> 0 | F74: =IF(F$3="","",IFERROR(ROUND(SUM(F$88,F$66)*$D74/(1-SUM($D$69:$D$74,F$72)),2),"")) | G74: =IF(G$3="","",IFERROR(ROUND(SUM(G$88,G$66)*$D74/(1-SUM($D$69:$D$74,G$72)),2),"")) | H74: =IF(H$3="","",IFERROR(ROUND(SUM(H$88,H$66)*$D74/(1-SUM($D$69:$D$74,H$72)),2),"")) | I74: =IF(I$3="","",IFERROR(ROUND(SUM(I$88,I$66)*$D74/(1-SUM($D$69:$D$74,I$72)),2),""))
C75: TOTAL SUBMÓDULO 5.2.4.2 | E75: =IF(E4="","",SUM(E69:E70,E73:E74)) -> 301.47 | F75: =IF(F4="","",SUM(F69:F70,F73:F74)) | G75: =IF(G4="","",SUM(G69:G70,G73:G74)) | H75: =IF(H4="","",SUM(H69:H70,H73:H74)) | I75: =IF(I4="","",SUM(I69:I70,I73:I74))
C77: TOTAL MÓDULO 5.2.4 | E77: =IF(E$3="","",SUM(E75,E66)) -> 918.86 | F77: =IF(F$3="","",SUM(F75,F66)) | G77: =IF(G$3="","",SUM(G75,G66)) | H77: =IF(H$3="","",SUM(H75,H66)) | I77: =IF(I$3="","",SUM(I75,I66))
C79: QUADRO 1 - RESUMO DOS CUSTOS
C81: 1.A - Custos por hora e quilômetro
B82: A | C82: Custo variável por quilômetro | E82: =IFERROR(ROUND(E34*(1+E89/E88),2)/E5,"") -> 1.128488 | F82: =IFERROR(ROUND(F34*(1+F89/F88),2)/F5,"") | G82: =IFERROR(ROUND(G34*(1+G89/G88),2)/G5,"") | H82: =IFERROR(ROUND(H34*(1+H89/H88),2)/H5,"") | I82: =IFERROR(ROUND(I34*(1+I89/I88),2)/I5,"")
B83: B | C83: Custo por hora
C84: Horas consideradas | E84: =IF(E3="","",200) -> 200 | F84: =IF(F3="","",200) | G84: =IF(G3="","",200) | H84: =IF(H3="","",200) | I84: =IF(I3="","",200)
D85: Valor (R$) | E85: =IFERROR(ROUND(SUM(E48,E59)*(1+E89/E88),2)/E84,"") -> 17.45685 | F85: =IFERROR(ROUND(SUM(F48,F59)*(1+F89/F88),2)/F84,"") | G85: =IFERROR(ROUND(SUM(G48,G59)*(1+G89/G88),2)/G84,"") | H85: =IFERROR(ROUND(SUM(H48,H59)*(1+H89/H88),2)/H84,"") | I85: =IFERROR(ROUND(SUM(I48,I59)*(1+I89/I88),2)/I84,"")
C87: 1.B - Custos por veículo
B88: A | C88: Custos diretos por mês | E88: =IF(E3="","",ROUND(SUM(E59,E48,E34),2)) -> 3983.12 | F88: =IF(F3="","",ROUND(SUM(F59,F48,F34),2)) | G88: =IF(G3="","",ROUND(SUM(G59,G48,G34),2)) | H88: =IF(H3="","",ROUND(SUM(H59,H48,H34),2)) | I88: =IF(I3="","",ROUND(SUM(I59,I48,I34),2))
B89: B | C89: Custos Indiretos por mês | E89: =IFERROR(ROUND(E77,2),"") -> 918.86 | F89: =IFERROR(ROUND(F77,2),"") | G89: =IFERROR(ROUND(G77,2),"") | H89: =IFERROR(ROUND(H77,2),"") | I89: =IFERROR(ROUND(I77,2),"")
B90: C | C90: Custos por mês | E90: =IF(E3="","",IFERROR(SUM(E88:E89),2)) -> 4901.98 | F90: =IF(F3="","",IFERROR(SUM(F88:F89),2)) | G90: =IF(G3="","",IFERROR(SUM(G88:G89),2)) | H90: =IF(H3="","",IFERROR(SUM(H88:H89),2)) | I90: =IF(I3="","",IFERROR(SUM(I88:I89),2))
C92: 1.C - Total por veículo
B93: A | C93: Custos diretos por mês | E93: =IF(E$3="","",ROUND(E88*E$4,2)) -> 3983.12 | F93: =IF(F$3="","",ROUND(F88*F$4,2)) | G93: =IF(G$3="","",ROUND(G88*G$4,2)) | H93: =IF(H$3="","",ROUND(H88*H$4,2)) | I93: =IF(I$3="","",ROUND(I88*I$4,2))
B94: B | C94: Custos Indiretos por mês | E94: =IF(E$3="","",ROUND(E89*E$4,2)) -> 918.86 | F94: =IF(F$3="","",ROUND(F89*F$4,2)) | G94: =IF(G$3="","",ROUND(G89*G$4,2)) | H94: =IF(H$3="","",ROUND(H89*H$4,2)) | I94: =IF(I$3="","",ROUND(I89*I$4,2))
B95: C | C95: Custos por mês | E95: =IF(E$3="","",ROUND(E90*E$4,2)) -> 4901.98 | F95: =IF(F$3="","",ROUND(F90*F$4,2)) | G95: =IF(G$3="","",ROUND(G90*G$4,2)) | H95: =IF(H$3="","",ROUND(H90*H$4,2)) | I95: =IF(I$3="","",ROUND(I90*I$4,2))
B96: D | C96: Custos contratual | E96: =IF(E3="","",IFERROR(ROUND(E95*Proposta!$J$6,2),"")) -> 58823.76 | F96: =IF(F3="","",IFERROR(ROUND(F95*Proposta!$J$6,2),"")) | G96: =IF(G3="","",IFERROR(ROUND(G95*Proposta!$J$6,2),"")) | H96: =IF(H3="","",IFERROR(ROUND(H95*Proposta!$J$6,2),"")) | I96: =IF(I3="","",IFERROR(ROUND(I95*Proposta!$J$6,2),""))

Sheet Mat Individual e Uniformes func
B2: UNIFORMES, MATERIAIS DE USO INDIVIDUAL, CURSOS E TREINAMENTOS | H2: QUANTIDADE CONTRATUAL POR PROFISSIONAL
B3: Nº | C3: GMAT | D3: Material | E3: Und Medida | F3: Valor (R$) | H3: =IF(IFERROR(SUM(#REF!)>0,FALSE()),#REF!,'Mão de Obra'!E17) -> Posto A | I3: =IF(IFERROR(SUM(#REF!)>0,FALSE()),#REF!,'Mão de Obra'!F17) -> Posto B | J3: =IF(IFERROR(SUM(#REF!)>0,FALSE()),#REF!,'Mão de Obra'!G17) -> Posto C | K3: =IF(IFERROR(SUM(#REF!)>0,FALSE()),#REF!,'Mão de Obra'!H17) -> Posto D | L3: =IF(IFERROR(SUM(#REF!)>0,FALSE()),#REF!,'Mão de Obra'!I17) -> Posto E
B5: 1
B6: 2
B7: 3
B8: 4
B9: 5
B10: 6
B11: 7
B12: 8
B13: 9
B14: 10
B15: 11
B16: 12
... B24: 20
F26: TOTAL CONTRATUAL | H26: =IFERROR(ROUND(SUMPRODUCT(H4:H25,$F$4:$F$25),2),"") -> 0 | I26: =IFERROR(ROUND(SUMPRODUCT(I4:I25,$F$4:$F$25),2),"") -> 0 | J26: =IFERROR(ROUND(SUMPRODUCT(J4:J25,$F$4:$F$25),2),"") -> 0 | K26: =IFERROR(ROUND(SUMPRODUCT(K4:K25,$F$4:$F$25),2),"") -> 0 | L26: =IFERROR(ROUND(SUMPRODUCT(L4:L25,$F$4:$F$25),2),"") -> 0

Sheet Mat Coletivo e Equipamentos
B2: MATERIAIS NÃO DEPRECIÁVEIS DE USO COLETIVO E EQUIPAMENTOS DEPRECIÁVEIS
B3: Nº | C3: Código | D3: Material | E3: Posto | F3: Local | G3: Unidade de fornecimento | H3: Quantidade contratual | I3: Valor de Aquisição | J3: Taxa de depreciação mensal | K3: Custo mensal | L3: Custo contratual
K4: =SUM(K5:K250) -> 139.43644 | L4: =SUM(L5:L250) -> 1673.2372
B6: 1 | D6: Smartphones com acesso à internet 4G, tela de 5" polegadas ou superior, câmera fotográfica com resolução mínima de 5 megapixels e função posição geográfica (GPS), cartão | G6: unid | H6: 1 | I6: 568.46 | J6: 0.0166 | K6: =IFERROR(L6/'Mão de Obra'!$D$12,"") -> 9.436436 | L6: =IFERROR(IF(ISNUMBER(J6),J6*'Mão de Obra'!$D$12,1)*I6*H6,"") -> 113.23723
B7: 2 | D7: Pacote de dados e ligações | G7: unid | H7: 12 | I7: 126.25 | K7: =IFERROR(L7/'Mão de Obra'!$D$12,"") -> 126.25 | L7: =IFERROR(IF(ISNUMBER(J7),J7*'Mão de Obra'!$D$12,1)*I7*H7,"") -> 1515
B8: 3 | D8: Relógio ponto biométrico e/ou controle de ponto digital | G8: unid | H8: 12 | I8: 3.75 | K8: =IFERROR(L8/'Mão de Obra'!$D$12,"") -> 3.75 | L8: =IFERROR(IF(ISNUMBER(J8),J8*'Mão de Obra'!$D$12,1)*I8*H8,"") -> 45
B9: 4 | K9: =IFERROR(L9/'Mão de Obra'!$D$12,"") -> 0 | L9: =IFERROR(IF(ISNUMBER(J9),J9*'Mão de Obra'!$D$12,1)*I9*H9,"") -> 0
B10: 5 | K10: =IFERROR(L10/'Mão de Obra'!$D$12,"") -> 0 | L10: =IFERROR(IF(ISNUMBER(J10),J10*'Mão de Obra'!$D$12,1)*I10*H10,"") -> 0
B11: 6 | K11: =IFERROR(L11/'Mão de Obra'!$D$12,"") -> 0 | L11: =IFERROR(IF(ISNUMBER(J11),J11*'Mão de Obra'!$D$12,1)*I11*H11,"") -> 0
B12: 7 | K12: =IFERROR(L12/'Mão de Obra'!$D$12,"") -> 0 | L12: =IFERROR(IF(ISNUMBER(J12),J12*'Mão de Obra'!$D$12,1)*I12*H12,"") -> 0
B13: 8 | K13: =IFERROR(L13/'Mão de Obra'!$D$12,"") -> 0 | L13: =IFERROR(IF(ISNUMBER(J13),J13*'Mão de Obra'!$D$12,1)*I13*H13,"") -> 0
B14: 9 | K14: =IFERROR(L14/'Mão de Obra'!$D$12,"") -> 0 | L14: =IFERROR(IF(ISNUMBER(J14),J14*'Mão de Obra'!$D$12,1)*I14*H14,"") -> 0
B15: 10 | K15: =IFERROR(L15/'Mão de Obra'!$D$12,"") -> 0 | L15: =IFERROR(IF(ISNUMBER(J15),J15*'Mão de Obra'!$D$12,1)*I15*H15,"") -> 0
B16: 11 | K16: =IFERROR(L16/'Mão de Obra'!$D$12,"") -> 0 | L16: =IFERROR(IF(ISNUMBER(J16),J16*'Mão de Obra'!$D$12,1)*I16*H16,"") -> 0
B17: 12 | K17: =IFERROR(L17/'Mão de Obra'!$D$12,"") -> 0 | L17: =IFERROR(IF(ISNUMBER(J17),J17*'Mão de Obra'!$D$12,1)*I17*H17,"") -> 0
B18: 13 | K18: =IFERROR(L18/'Mão de Obra'!$D$12,"") -> 0 | L18: =IFERROR(IF(ISNUMBER(J18),J18*'Mão de Obra'!$D$12,1)*I18*H18,"") -> 0
B19: 14 | K19: =IFERROR(L19/'Mão de Obra'!$D$12,"") -> 0 | L19: =IFERROR(IF(ISNUMBER(J19),J19*'Mão de Obra'!$D$12,1)*I19*H19,"") -> 0
B20: 15 | K20: =IFERROR(L20/'Mão de Obra'!$D$12,"") -> 0 | L20: =IFERROR(IF(ISNUMBER(J20),J20*'Mão de Obra'!$D$12,1)*I20*H20,"") -> 0
... B25: 20 | K25: =IFERROR(L25/'Mão de Obra'!$D$12,"") -> 0 | L25: =IFERROR(IF(ISNUMBER(J25),J25*'Mão de Obra'!$D$12,1)*I25*H25,"") -> 0

Sheet Proposta
B2: PREFEITURA MUNICIPAL DE PORTO ALEGRE
B3: =IF(IFERROR(SUM(#REF!)>0,FALSE()),#REF!, IF(IFERROR(Veículos!$E$3<>"",FALSE()),'Mão de Obra'!D5,'Mão de Obra'!D5)) -> SECRETARIA DE SAÚDE
B4: PLANILHA DE CUSTOS E FORMAÇÃO DE PREÇOS
B6: Pregão Eletrônico Nº: | C6: =IF(IFERROR(SUM(#REF!)>0,FALSE()),#REF!, IF(IFERROR(Veículos!$E$3<>"",FALSE()),'Mão de Obra'!D6, 'Mão de Obra'!D6)) -> 0 | G6: Tempo de Duração do Contrato: | J6: =IF(IFERROR(SUM(#REF!)>0,FALSE()),#REF!, IF(IFERROR(Veículos!$E$3<>"",FALSE()),'Mão de Obra'!D12, 'Mão de Obra'!D12)) -> 12
B7: Processo SEI Nº: | C7: =IF(IFERROR(SUM(#REF!)>0,FALSE()),#REF!, IF(IFERROR(Veículos!$E$3<>"",FALSE()),'Mão de Obra'!D7, 'Mão de Obra'!D7)) -> 23.0.000099907-5 | G7: Forma de Pagamento do Contrato: | J7: =IF(IFERROR(SUM(#REF!)>0,FALSE()),#REF!, IF(IFERROR(Veículos!$E$3<>"",FALSE()),'Mão de Obra'!D11, 'Mão de Obra'!D11)) -> Mês
B8: =CONCATENATE("OBJETO: ", IF(IFERROR(SUM(#REF!)>0,FALSE()),#REF!, IF(IFERROR(Veículos!$E$3<>"",FALSE()),'Mão de Obra'!D8, 'Mão de Obra'!D8))) -> OBJETO: Locação Veículos DVS
B9: Nome da Empresa: | G9: Regime Tributário: | J9: =IF(IFERROR(SUM(#REF!)>0,FALSE()),#REF!, IF(IFERROR(Veículos!$E$3<>"",FALSE()),'Mão de Obra'!D13, 'Mão de Obra'!D13)) -> Lucro Presumido
B10: CNPJ Matriz: | G10: Receita Bruta Anual: | J10: =IF(IFERROR(SUM(#REF!)>0,FALSE()),#REF!, IF(IFERROR(Veículos!$E$3<>"",FALSE()),'Mão de Obra'!D14, 'Mão de Obra'!D14)) -> 0
B11: Endereço da Empresa: | G11: Telefone:
B12: Nome do Responsável: | G12: CPF Responsável:
B13: Endereço eletrônico: | G13: Dados Bancários:
B15: DEMONSTRATIVO DE CUSTOS COM MÃO DE OBRA POR POSTO
B16: Posto | C16: Local | D16: Regime | E16: Qnt. de Postos | F16: Qnt. de Profissionais | G16: Custo hora | H16: Custo dia | I16: Custo mês | J16: Total mensal | K16: Total contratual
B17: =IF( INDEX('Mão de Obra'!$E$18:$AM$18,1,ROW()-ROW($B$16))<>0, INDEX('Mão de Obra'!$E$18:$AM$18,1,ROW()-ROW($B$16)), "EXCLUIR ESTA LINHA" ) -> Motorista Veículos Leves | C17: =INDEX('Mão de Obra'!$E$25:$AM$25,1,ROW()-ROW($C$16)) -> DVS | D17: =INDEX('Mão de Obra'!$E$26:$AM$26,1,ROW()-ROW($D$16)) -> 40h (5 dia/sem) | E17: =INDEX('Mão de Obra'!$E$27:$AM$27,1,ROW()-ROW($E$16)) -> 1 | F17: =INDEX('Mão de Obra'!$E$29:$AM$29,1,ROW()-ROW($F$16)) -> 1 | G17: =INDEX('Mão de Obra'!$E$173:$AR$173,1,ROW()-ROW($G$16)) -> 25.27 | H17: =INDEX('Mão de Obra'!$E$174:$AQ$174,1,ROW()-ROW($I$16)) -> 211.36 | I17: =INDEX('Mão de Obra'!$E$176:$AQ$176,1,ROW()-ROW($I$16)) -> 4649.86 | J17: =INDEX('Mão de Obra'!$E$182:$AQ$182,1,ROW()-ROW($I$16)) -> 4649.86 | K17: =INDEX('Mão de Obra'!$E$190:$AQ$190,1,ROW()-ROW($I$16)) -> 55798.32
E18: =SUM(E17:E17) -> 1 | F18: =SUM(F17:F17) -> 1 | J18: =SUM(J17:J17) -> 4649.86 | K18: =SUM(K17:K17) -> 55798.32
B20: DEMONSTRATIVO DE CUSTOS COM LOCAÇÃO DE VEÍCULOS
B21: Veículo | D21: Qnt. | E21: Qnt Horas | F21: Km/mês | G21: Custo hora | H21: Custo km rodado | I21: Custo mês | J21: Total mensal | K21: Total contratual
B22: =IF( INDEX(Veículos!$E$3:$AR$3,1,ROW()-ROW(B$21))<>"", INDEX(Veículos!$E$3:$AR$3,1,ROW()-ROW(B$21)), "EXCLUIR ESTA LINHA") -> Furgão baú | D22: =INDEX(Veículos!$E$4:$CS$4,1,ROW()-ROW(D$21)) -> 1 | E22: =INDEX(Veículos!$E$84:$CS$84,1,ROW()-ROW(E$21)) -> 200 | F22: =INDEX(Veículos!$E$5:$AR$5,1,ROW()-ROW(F$21)) -> 1250 | G22: =INDEX(Veículos!$E$85:$CS$85,1,ROW()-ROW(G$21)) -> 17.45685 | H22: =INDEX(Veículos!$E$82:$CS$82,1,ROW()-ROW(H$21)) -> 1.128488 | I22: =INDEX(Veículos!$E$90:$CS$90,1,ROW()-ROW(I$21)) -> 4901.98 | J22: =INDEX(Veículos!$E$95:$CS$95,1,ROW()-ROW(J$21)) -> 4901.98 | K22: =INDEX(Veículos!$E$96:$CS$96,1,ROW()-ROW(K$21)) -> 58823.76
J23: =SUM(J22:J22) -> 4901.98 | K23: =SUM(K22:K22) -> 58823.76
B26: DEMONSTRATIVO DOS CUSTOS DIRETOS E INDIRETOS
B27: Custos Diretos | J27: Custo mensal | K27: Custo total
B28: Custos com mão de obra | J28: =SUM( IFERROR(SUM(#REF!),0), IFERROR(SUMPRODUCT('Mão de Obra'!$E$179:$XFD$179,'Mão de Obra'!$E$185:$XFD$185),0) ) -> 3638.82 | K28: =SUM( IFERROR(SUM('Mão de Obra'!E187:XS187),0), IFERROR(SUM(#REF!),0)) -> 43665.84
B29: Custos com uniformes e material individuais | J29: =SUM( IFERROR(SUMPRODUCT(#REF!,#REF!),0), IFERROR(SUMPRODUCT('Mão de Obra'!E148:XFD148,'Mão de Obra'!$E$29:$XFD$29,'Mão de Obra'!$E$185:$XFD$185),0) ) -> 0 | K29: =IFERROR(SUM( IFERROR(SUMPRODUCT('Mão de Obra'!E148:XFD148,'Mão de Obra'!$E$29:$XFD$29,'Mão de Obra'!$E$186:$XFD$186),0), IFERROR(SUMPRODUCT(#REF!,#REF!,#REF!),0) ),"") -> 0
B30: Custos material e equipamentos de uso coletivo | J30: =SUM( IFERROR(SUMPRODUCT(#REF!,#REF!),0), IFERROR(SUMPRODUCT('Mão de Obra'!E149:XFD149,'Mão de Obra'!$E$29:$XFD$29,'Mão de Obra'!$E$185:$XFD$185),0) ) -> 139.44 | K30: =IFERROR(SUM( IFERROR(SUMPRODUCT('Mão de Obra'!E149:XFD149,'Mão de Obra'!$E$29:$XFD$29,'Mão de Obra'!$E$186:$XFD$186),0), IFERROR(SUMPRODUCT(#REF!,#REF!,#REF!),0) ),"") -> 1673.28
B31: Custos com veículos | J31: =IFERROR(SUM(Veículos!E93:DG93),0) -> 3983.12 | K31: =IFERROR(J31*$J$6,0) -> 47797.44
B32: Subtotal | J32: =IFERROR(SUM(J28:J31),0) -> 7761.38 | K32: =SUM(K28:K31) -> 93136.56
B33: Custos Indiretos
B34: Custos Administrativos | J34: =SUM( IFERROR(SUMPRODUCT('Mão de Obra'!E155:XFD155,'Mão de Obra'!$E$29:$XFD$29,'Mão de Obra'!$E$185:$XFD$185),0), IFERROR(SUMPRODUCT(#REF!,#REF!,#REF!),0), IFERROR(SUMPRODUCT(Veículos!E64:XFD64,Veículos!$E$4:$XFD$4),0) ) -> 388.07 | K34: =IFERROR(SUM( IFERROR(SUMPRODUCT('Mão de Obra'!E155:XFD155,'Mão de Obra'!$E$29:$XFD$29,'Mão de Obra'!$E$186:$XFD$186),0), IFERROR(SUMPRODUCT(#REF!,#REF!,#REF!),0), IFERROR(SUMPRODUCT(Veículos!E64:XFD64,Veículos!$E$4:$XFD$4)*$J$6,0) ),"") -> 4656.84
B35: Lucros | J35: =SUM( IFERROR(SUMPRODUCT('Mão de Obra'!E156:XFD156,'Mão de Obra'!$E$29:$XFD$29,'Mão de Obra'!$E$185:$XFD$185),0), IFERROR(SUMPRODUCT(#REF!,#REF!,#REF!),0), IFERROR(SUMPRODUCT(Veículos!E65:XFD65,Veículos!$E$4:$XFD$4),0) ) -> 814.95 | K35: =IFERROR(SUM( IFERROR(SUMPRODUCT('Mão de Obra'!E156:XFD156,'Mão de Obra'!$E$29:$XFD$29,'Mão de Obra'!$E$186:$XFD$186),0), IFERROR(SUMPRODUCT(#REF!,#REF!,#REF!),0), IFERROR(SUMPRODUCT(Veículos!E65:XFD65,Veículos!$E$4:$XFD$4)*$J$6,0) ),"") -> 9779.4
B36: Tributos
B37: COFINS | J37: =SUM( IFERROR(SUMPRODUCT('Mão de Obra'!E160:XFD160,'Mão de Obra'!$E$29:$XFD$29,'Mão de Obra'!$E$185:$XFD$185),0), IFERROR(SUMPRODUCT(#REF!,#REF!,#REF!),0), IFERROR(SUMPRODUCT(Veículos!E69:XFD69,Veículos!$E$4:$XFD$4),0) ) -> 286.56 | K37: =IFERROR(SUM( IFERROR(SUMPRODUCT('Mão de Obra'!E160:XFD160,'Mão de Obra'!$E$29:$XFD$29,'Mão de Obra'!$E$186:$XFD$186),0), IFERROR(SUMPRODUCT(#REF!,#REF!,#REF!),0), IFERROR(SUMPRODUCT(Veículos!E69:XFD69,Veículos!$E$4:$XFD$4)*$J$6,0) ),"") -> 3438.72
B38: PIS/PASEP | J38: =SUM( IFERROR(SUMPRODUCT('Mão de Obra'!E161:XFD161,'Mão de Obra'!$E$29:$XFD$29,'Mão de Obra'!$E$185:$XFD$185),0), IFERROR(SUMPRODUCT(#REF!,#REF!,#REF!),0), IFERROR(SUMPRODUCT(Veículos!E70:XFD70,Veículos!$E$4:$XFD$4),0) ) -> 62.08 | K38: =SUM( IFERROR(SUMPRODUCT('Mão de Obra'!E161:XFD161,'Mão de Obra'!$E$29:$XFD$29,'Mão de Obra'!$E$186:$XFD$186),0), IFERROR(SUMPRODUCT(#REF!,#REF!,#REF!),0), IFERROR(SUMPRODUCT(Veículos!E70:XFD70,Veículos!$E$4:$XFD$4)*$J$6,0)) -> 744.96
B39: ISSQN | J39: =SUM( IFERROR(SUMPRODUCT('Mão de Obra'!E164:XFD164,'Mão de Obra'!$E$29:$XFD$29,'Mão de Obra'!$E$185:$XFD$185),0), IFERROR(SUMPRODUCT(#REF!,#REF!,#REF!),0), IFERROR(SUMPRODUCT(Veículos!E73:XFD73,Veículos!$E$4:$XFD$4),0) ) -> 238.8 | K39: =SUM( IFERROR(SUMPRODUCT('Mão de Obra'!E164:XFD164,'Mão de Obra'!$E$29:$XFD$29,'Mão de Obra'!$E$186:$XFD$186),0), IFERROR(SUMPRODUCT(#REF!,#REF!,#REF!),0), IFERROR(SUMPRODUCT(Veículos!E73:XFD73,Veículos!$E$4:$XFD$4)*$J$6,0)) -> 2865.6
B40: Outros | J40: =SUM( IFERROR(SUMPRODUCT('Mão de Obra'!E165:XFD165,'Mão de Obra'!$E$29:$XFD$29,'Mão de Obra'!$E$185:$XFD$185),0), IFERROR(SUMPRODUCT(#REF!,#REF!,#REF!),0), IFERROR(SUMPRODUCT(Veículos!E74:XFD74,Veículos!$E$4:$XFD$4),0) ) -> 0 | K40: =SUM( IFERROR(SUMPRODUCT('Mão de Obra'!E165:XFD165,'Mão de Obra'!$E$29:$XFD$29,'Mão de Obra'!$E$186:$XFD$186),0), IFERROR(SUMPRODUCT(#REF!,#REF!,#REF!),0), IFERROR(SUMPRODUCT(Veículos!E74:XFD74,Veículos!$E$4:$XFD$4)*$J$6,0)) -> 0
B41: Subtotal | J41: =SUM(J34:J40) -> 1790.46 | K41: =SUM(K34:K40) -> 21485.52
B42: VALOR TOTAL ESTIMADO DO CONTRATO | J42: =SUM(J32,J41) -> 9551.84 | K42: =SUM(K32,K41) -> 114622.08
D45: .................................., ...... de ................ de 2024.
D49: NOME DO REPRESENTANTE
D51: Carimbo com CNPJ da empresa abaixo

Sheet Apoio - Regime de Trabalho
A1: Regime | B1: Funcionários por posto | C1: Contratação | D1: Horas noturnas Máximas | E1: Dias Semana | F1: Horas Semana | G1: Dias Mês | H1: Horas mês remuneradas | I1: Horas mês trabalhadas
A3: 12x36 Diurno | B3: 2 | C3: Mensal | D3: 7 | E3: - | G3: 15 | H3: 220 | I3: =G3*12 -> 180
A4: 12x36 Noturno | B4: 2 | C4: Mensal | D4: 7 | E4: - | G4: 15 | H4: 220 | I4: =G4*12 -> 180
A5: 4h (1 dia/sem) | B5: 1 | C5: Mensal | E5: 1 | F5: 4 | G5: =E5*4 -> 4 | H5: =F5*30/6 -> 20 | I5: =F5*4 -> 16
A6: 6h (1 dia/sem) | B6: 1 | C6: Mensal | E6: 1 | F6: 6 | G6: =E6*4 -> 4 | H6: =F6*30/6 -> 30 | I6: =F6*4 -> 24
A7: 8h (1 dia/sem) | B7: 1 | C7: Mensal | E7: 1 | F7: 8 | G7: =E7*4 -> 4 | H7: =F7*30/6 -> 40 | I7: =F7*4 -> 32
A8: 12h (2 dia/sem) | B8: 1 | C8: Mensal | E8: 2 | F8: 12 | G8: =E8*4 -> 8 | H8: =F8*30/6 -> 60 | I8: =F8*4 -> 48
A9: 16h (2 dia/sem) | B9: 1 | C9: Mensal | E9: 2 | F9: 16 | G9: =E9*4 -> 8 | H9: =F9*30/6 -> 80 | I9: =F9*4 -> 64
A10: 20h (5 dia/sem) | B10: 1 | C10: Mensal | D10: 10 | E10: 5 | F10: 20 | G10: =E10*4+2 -> 22 | H10: =F10*30/6 -> 100 | I10: =F10*4+2*4 -> 88
A11: 30h (5 dia/sem) | B11: 1 | C11: Mensal | D11: 10 | E11: 5 | F11: 30 | G11: =E11*4+2 -> 22 | H11: =F11*30/6 -> 150 | I11: =F11*4+2*6 -> 132
A12: 35h (5 dia/sem) | B12: 1 | C12: Mensal | E12: 5 | F12: 35 | G12: =E12*4+2 -> 22 | H12: 175 | I12: =F12*4+2*7 -> 154
A13: 36h (6 dia/sem) | B13: 1 | C13: Mensal | D13: 10 | E13: 6 | F13: 36 | G13: =E13*4+2 -> 26 | H13: =F13*30/6 -> 180 | I13: =F13*4+2*6 -> 156
A14: 40h (5 dia/sem) | B14: 1 | C14: Mensal | D14: 10 | E14: 5 | F14: 40 | G14: =E14*4+2 -> 22 | H14: =F14*30/6 -> 200 | I14: =F14*4+2*8 -> 176
A15: 44h (5 dia/sem) | B15: 1 | C15: Mensal | D15: 10 | E15: 5 | F15: 44 | G15: =E15*4+2 -> 22 | H15: =F15*30/6 -> 220 | I15: =F15*4+2*8 -> 192
A16: 44h (6 dia/sem) | B16: 1 | C16: Mensal | D16: 10 | E16: 6 | F16: 44 | G16: =E16*4+2 -> 26 | H16: =F16*30/6 -> 220 | I16: =F16*4+2*8 -> 192

Sheet Apoio - Notas Explicativas
C2: Composição da Remuneração
B3: A | C3: Dias na Semana | D3: 7
B4: B | C4: Dias no Ano | D4: 365
B5: C | C5: Dias no Mês | D5: 30
B6: D | C6: Semanas no Mês | D6: =D7/D8 -> 4.3333333 | F6: =""
B7: E | C7: Semanas no Ano | D7: 52
B8: F | C8: Meses no Ano | D8: 12
B9: G | C9: Hora Normal (em minutos) | D9: 60
B10: H | C10: Hora Noturna (em minutos) | D10: 52.5
D12: MEMÓRIA DE CÁLCULO | E12: FUNDAMENTO | F12: OBSERVAÇÕES | H12: Regime tributário
H13: Lucro Presumido | I13: Lucro Real | J13: Cooperativa | K13: Simples | L13: Simples | M13: Simples | N13: Simples | O13: Simples | P13: Simples | Q13: Considerado
K14: Faixa 1 | L14: Faixa 2 | M14: Faixa 3 | N14: Faixa 4 | O14: Faixa 5 | P14: Faixa 6
C15: Faturamento máximo | K15: 180000 | L15: 360000 | M15: 720000 | N15: 1800000 | O15: 3600000 | P15: 4800000 | Q15: =IF(IFERROR(SUM(#REF!)>0,FALSE()),#REF!, IF(IFERROR(Veículos!$E$3<>"",FALSE()),'Mão de Obra'!D13,'Mão de Obra'!D13)) -> Lucro Presumido
C16: Valor a Deduzir | K16: 0 | L16: 9360 | M16: 17640 | N16: 35640 | O16: 125640 | P16: 648000 | Q16: =IF(Q15="Simples", IF(IFERROR(SUM(#REF!)>0,FALSE()),#REF!, IF(IFERROR(Veículos!$E$3<>"",FALSE()),'Mão de Obra'!D14,'Mão de Obra'!D14)),"")
C17: Percentual da faixa | K17: 0.06 | L17: 0.112 | M17: 0.135 | N17: 0.16 | O17: 0.21 | P17: 0.33
C19: MÓDULO 1: COMPOSIÇÃO DA REMUNERAÇÃO
B20: A | C20: Salário Base Mensal | E20: Artigo 457 e 458 da CLT. | F20: Salário mensal definido em acordo, dissídio ou convenção coletiva de trabalho no momento da publicação do edital; quando houver necessidade de afastar o risco de selecionar colaboradores com capacitação inferior à necessária para a execução dos serviços, por meio de pesquisas de mercado, de dados obtidos junto a associações e sindicatos de cada categoria profissional e de informações divulgadas por outros órgãos públicos que tenham recentemente contratado o mesmo tipo de serviço. De acordo com o TCU, a fixação de remuneração mínima no edital somente é cabível, com restrições, nos casos de terceirização de mão de obra com alocação de postos de trabalho. Importante ainda que, como a planilha de custos é baseada em empregados mensalistas, consideram-se já remunerados os dias de repouso semanal no salário mensal nos termos do § 2º do art. 7º da Lei 605/1949.
B21: B | C21: Adicional Periculosidade | D21: Salário Base x 30% | E21: Súmula 132 TST. Artigo 193 a 197 da CLT. Artigo 7º, inciso XXIII da CF. NR 16 do MTE. | F21: O percentual definido pelo art. 193 da CLT, deve ser calculados sobre salário base sem os acréscimos resultantes de gratificações, prêmios ou participações nos lucros da empresa, com exceção à categoria dos eletricitários, em que o cálculo deverá ser feito sobre a totalidade das parcelas de natureza salarial. A caracterização e a classificação da periculosidade far-se-ão por meio de perícia a cargo de Médico do Trabalho ou Engenheiro do Trabalho registrados no Ministério do Trabalho. A Norma Regulamentadora nº 16 estabelece em seus anexos as atividades e as operações perigosas que acarretam ao recebimento do adicional de periculosidade pelo empregado. As Leis Lei nºs 12.740/2012 e 12.997/2014 estenderam o adicional de periculosidade, respectivamente, às atividades profissionais de segurança pessoal ou patrimonial e trabalhador em motocicleta.
B22: C | C22: Adicional Insalubridade | D22: Salário Mínimo ou Base estipulado em instrumento coletivo x (10%, 20% ou 40%) | E22: Regras do instrumento coletivo da categoria, se houver. Artigo 189 a 192 da CLT (10%, 20% ou 40%). NR 15 do MTE. Súmula nº. 139 do TST. | F22: Os percentuais definidos pelo art. 192 da CLT, segundo as classificações nos graus máximo, médio e mínimo, devem ser calculados com base no salário mínimo, salvo critério mais vantajoso estabelecido em lei ou em instrumento coletivo de trabalho (Súmula Vinculante n. 4). O direito ao recebimento do adicional somente pode ser reconhecido mediante laudo pericial que aponte estar a atividade insalubre prevista na relação oficial elaborada pelo Ministério do Trabalho, tal como definido pela NR-15 da Portaria n. 3.214 de 1978.
B23: D | C23: Gratificação de Função | D23: Salário Base x % de incidência | E23: Informada na Convenção Coletiva de Trabalho da categoria profissional a ser contratada.
B24: E | C24: Adicional Noturno | D24: (Salário base + adicionais periculosidade/insalubridade) ÷ total de horas mensais (conforme jornada de trabalho da categoria) x 20% x qtde. de horas noturnas x qtde de dias laborados a noite). | E24: Artigo 73 da CLT e artigo 7º, inciso IX da CF. Súmula nº 60 do TST e OJ-SDI1-259 do TST. | F24: A jornada noturna é compreendida entre 22h da noite e 05h da manhã seguinte (considerando que a hora noturna corresponde a 52,5min) , com remuneração adicional de 20%, de acordo com o Art.73 da CLT.
B25: F | C25: Adicional de Hora Noturna Reduzida | D25: Qtde. de horas noturnas x qtde de dias laborados a noite x 0,142857 x (Salário base + adicionais periculosidade/insalubridade) ÷ total de horas mensais x 120%
B26: G | C26: Horas Extras (com adicionais) | D26: (Salário base + adicionais periculosidade/insalubridade/noturno ) ÷ total de horas mensais (conforme jornada de trabalho da categoria) x %de incidência x qtde. de horas extras mensal). | E26: Artigo 7º, inciso XVI, da CF/88. Artigo 59 da CLT. Súmulas 60 e 132 TST.
B27: H | C27: Descanso Semanal Remunerado | D27: (Adicional noturmo + Adicional de hora reduzida+Horas extras+ Adicional de troca de uniforme) x 20% | E27: Artigos 1º e 6º Lei nº 605/1949 | F27: Pagamento de 20% sobre as variáveis, conforme Cláusula 32ª da CCT 2018/2020 (adicional noturno, adicional de hora noturna reduzida e adicional para troca de uniforme).
B28: I | C28: Adicional de Troca de Uniforme | D28: (Salário base + adicionais periculosidade) ÷ (total de horas mensais (conforme jornada de trabalho da categoria) ÷ 6) x qtde de dias | E28: Súmula nº 366 do TST | F28: O tempo despreendido para a troca de uniforme será remunerado (5 minutos para colocar e 5 minutos para retirar) na proporção de 1/6 do valor da hora normal de trabalho.
B29: J | C29: Outras remunerações (especificar)
C31: MÓDULO 2 - ENCARGOS E BENEFÍCIOS ANUAIS, MENSAIS E DIÁRIOS
C33: SUBMÓDULO 2.1 - 13º Salário, Férias e Adicional de Férias
B34: A | C34: 13º salário | D34: ((1÷12) x 100) ≅ 8,33% | E34: Art. 7º, VIII, CF/88. Decreto n. 57.155, de 3/11/1965 | F34: Gratificação de Natal, instituída pela Lei nº 4.090, de 13 de julho de 1962. O percentual dessa rubrica pode ser obtido pelo cálculo: ((1/12) x 100) = 8,33%. | H34: =(1/12) -> 0.083333333 | I34: =(1/12) -> 0.083333333 | J34: =(1/12) -> 0.083333333 | K34: =(1/12) -> 0.083333333 | L34: =(1/12) -> 0.083333333 | M34: =(1/12) -> 0.083333333 | N34: =(1/12) -> 0.083333333 | O34: =(1/12) -> 0.083333333 | P34: =(1/12) -> 0.083333333 | Q34: =IFERROR(ROUND(IF($Q$15="Simples", INDEX(H34:P34,MATCH($Q$16,$H$16:$P$16,1)), INDEX(H34:P34,MATCH($Q$15,$H$13:$P$13,0)) ),4),"") -> 0.0833
B35: B | C35: Férias e Adicional de Férias | D35: ((1÷12) x 100) + ((1÷3) x (1÷12) x 100) ≅ 11,11% | E35: Art. 7º, XVII, CF/88; | F35: A Constituição Federal, em seu art. 7º, inciso XVII, prevê que as férias sejam pagas com adicional de, pelo menos, 1/3 (um terço) da remuneração do mês. Assim, a provisão para atender as despesas relativas as férias e adicional de férias corresponde a: ((1/12) x 100) + ((1/3) x (1/12) x 100) ≅ 11,11% | H35: =(1/12) +( 1/3)/12 -> 0.11111111 | I35: =(1/12) +( 1/3)/12 -> 0.11111111 | J35: =(1/12) +( 1/3)/12 -> 0.11111111 | K35: =(1/12) +( 1/3)/12 -> 0.11111111 | L35: =(1/12) +( 1/3)/12 -> 0.11111111 | M35: =(1/12) +( 1/3)/12 -> 0.11111111 | N35: =(1/12) +( 1/3)/12 -> 0.11111111 | O35: =(1/12) +( 1/3)/12 -> 0.11111111 | P35: =(1/12) +( 1/3)/12 -> 0.11111111 | Q35: =IFERROR(ROUND(IF($Q$15="Simples", INDEX(H35:P35,MATCH($Q$16,$H$16:$P$16,1)), INDEX(H35:P35,MATCH($Q$15,$H$13:$P$13,0)) ),4),"") -> 0.1111
B36: C | C36: Incidência no Submódulo 2.2 sobre 13º salário e Férias | D36: ((1÷12) x 100) + ((1÷12) x 100) + ((1÷3) x (1÷12) x 100) x Submódulo 2.2 | H36: =(H34+H35)*H49 -> 0.071555556 | I36: =(I34+I35)*I49 -> 0.071555556 | J36: =(J34+J35)*J49 -> 0.060277778 | K36: =(K34+K35)*K49 -> 0.060277778 | L36: =(L34+L35)*L49 -> 0.060277778 | M36: =(M34+M35)*M49 -> 0.060277778 | N36: =(N34+N35)*N49 -> 0.060277778 | O36: =(O34+O35)*O49 -> 0.060277778 | P36: =(P34+P35)*P49 -> 0.060277778 | Q36: =IFERROR(ROUND(IF($Q$15="Simples", INDEX(H36:P36,MATCH($Q$16,$H$16:$P$16,1)), INDEX(H36:P36,MATCH($Q$15,$H$13:$P$13,0)) ),4),"") -> 0.0716
C38: SUBMÓDULO 2.2- Encargos Previdenciários (GPS) e FGTS
B39: A | C39: INSS | E39: Art. 22, Inciso I, da Lei nº 8.212/91. (3) Lei 13.161/2015 - Contribuição Previdenciária sobre a Receita Bruta (CPRB) | H39: 0.2 | I39: 0.2 | J39: 0.2 | K39: 0.2 | L39: 0.2 | M39: 0.2 | N39: 0.2 | O39: 0.2 | P39: 0.2 | Q39: =IFERROR(ROUND(IF($Q$15="Simples", INDEX(H39:P39,MATCH($Q$16,$H$16:$P$16,1)), INDEX(H39:P39,MATCH($Q$15,$H$13:$P$13,0)) ),4),"") -> 0.2
B40: B | C40: SESI OU SESC | E40: Anexo II da IN RFB n. 971/09; art. 30 da Lei n° 8.036/90; art. 1°da Lei n° 8.154/90; art. 240 da Constituição Federal. | H40: 0.015 | I40: 0.015 | Q40: =IFERROR(ROUND(IF($Q$15="Simples", INDEX(H40:P40,MATCH($Q$16,$H$16:$P$16,1)), INDEX(H40:P40,MATCH($Q$15,$H$13:$P$13,0)) ),4),"") -> 0.015
B41: C | C41: SENAI OU SENAC | E41: Anexo II da IN RFB n. 971/09; Decreto n.º 2.318/86 | H41: 0.01 | I41: 0.01 | Q41: =IFERROR(ROUND(IF($Q$15="Simples", INDEX(H41:P41,MATCH($Q$16,$H$16:$P$16,1)), INDEX(H41:P41,MATCH($Q$15,$H$13:$P$13,0)) ),4),"") -> 0.01
B42: D | C42: INCRA | E42: Anexo II da IN RFB n. 971/09; Lei n.º 7.787/89; DL n.º 1.146/70; Lei Complementar nº 11/71. | H42: 0.002 | I42: 0.002 | Q42: =IFERROR(ROUND(IF($Q$15="Simples", INDEX(H42:P42,MATCH($Q$16,$H$16:$P$16,1)), INDEX(H42:P42,MATCH($Q$15,$H$13:$P$13,0)) ),4),"") -> 0.002
B43: E | C43: Salário educação | E43: Anexo II da IN RFB n. 971/09; art. 3°, inciso I do Decreto n° 87.043/1982; art. 15 – Lei nº 9.424/96; art. 1º § 1º - Decreto Nº 6.003/2006; art. 212 § 5º da Constituição Federal; Súmula Nº 732 do STF. | H43: 0.025 | I43: 0.025 | Q43: =IFERROR(ROUND(IF($Q$15="Simples", INDEX(H43:P43,MATCH($Q$16,$H$16:$P$16,1)), INDEX(H43:P43,MATCH($Q$15,$H$13:$P$13,0)) ),4),"") -> 0.025
B44: F | C44: FGTS | E44: Art. 15, Lei nº 8.036/90 e Art. 7º, III | H44: 0.08 | I44: 0.08 | J44: 0.08 | K44: 0.08 | L44: 0.08 | M44: 0.08 | N44: 0.08 | O44: 0.08 | P44: 0.08 | Q44: =IFERROR(ROUND(IF($Q$15="Simples", INDEX(H44:P44,MATCH($Q$16,$H$16:$P$16,1)), INDEX(H44:P44,MATCH($Q$15,$H$13:$P$13,0)) ),4),"") -> 0.08
B45: G | C45: =CONCATENATE("GILL/RAT (RAT ",H46," x FAP ",H47,")") -> GILL/RAT (RAT 0,03 x FAP 1) | D45: RAT 3% x FAP 1 | E45: Anexo V do Regulamento da Previdência Social – RPS (Decreto n. 3.048/1999) e regras de enquadramento dispostas na Instrução Normativa RFB n. 971/2009 e/ou legislação superveniente. Súmula 351 do STJ. | F45: GILL/RAT é a sigla correspondente à Contribuição do Grau de Incidência de Incapacidade Laborativa decorrente dos Riscos Ambientais do Trabalho (o antigo Seguro de Acidente de Trabalho - SAT). A contribuição GILL/RAT é apurada por meio de um indicador criado pela Receita Federal: o RAT Ajustado. Sendo assim, em regra, considera-se para fins de definição da planilha modelo que GILL/RAT = SAT = RAT Ajustado. O cálculo do RAT ajustado é feito mediante aplicação da fórmula: RAT ajustado = RAT x FAP. A aplicação mínima ou máxima do FAP (0,5 a 2,00) sobre as alíquotas do RAT (1% a 3%) levará o percentual ajustado do RAT a uma variação entre 0,5% a 6%. A licitante deve preencher o item G do Submódulo 2.2 das planilhas analíticas de custos e formação de preços com o valor de seu RAT ajustado comprovando o percentual indicado no momento da apresentação da proposta na forma prescrita no edital e nestas notas explicativas. RAT (Riscos Ambientais do Trabalho) contém as alíquotas de 1%, 2% ou 3%, apurada com base na atividade preponderante da empresa (CNAE), deverá ser esclarecida e comprovada quando solicitado pelo pregoeiro, conforme Anexo V do Regulamento da Previdência Social – RPS (Decreto n. 3.048/1999) e regras de enquadramento dispostas na Instrução Normativa RFB n. 971/2009 e/ou legislação superveniente. FAP (Fator Acidentário de Prevenção) multiplicador variável num intervalo de 0,5 a 2,00 calculado anualmente pelo INSS considerando o número de acidentes do trabalho e doenças profissionais de cada empresa (Decreto nº 6.957/2009). Essa alíquota deverá ser comprovada mediante a apresentação do multiplicador FAP (FapWeb) vigente no momento da contratação, cujo valor é obtido no site da previdência social por meio de acesso individual da proponente. | H45: =ROUND(H46*H47,2) -> 0.03 | I45: =ROUND(I46*I47,2) -> 0.03 | J45: =ROUND(J46*J47,2) -> 0.03 | K45: =ROUND(K46*K47,2) -> 0.03 | L45: =ROUND(L46*L47,2) -> 0.03 | M45: =ROUND(M46*M47,2) -> 0.03 | N45: =ROUND(N46*N47,2) -> 0.03 | O45: =ROUND(O46*O47,2) -> 0.03 | P45: =ROUND(P46*P47,2) -> 0.03 | Q45: =IFERROR(ROUND(IF($Q$15="Simples", INDEX(H45:P45,MATCH($Q$16,$H$16:$P$16,1)), INDEX(H45:P45,MATCH($Q$15,$H$13:$P$13,0)) ),4),"") -> 0.03
C46: RAT | H46: 0.03 | I46: =H46 -> 0.03 | J46: =I46 -> 0.03 | K46: =I46 -> 0.03 | L46: =K46 -> 0.03 | M46: =L46 -> 0.03 | N46: =M46 -> 0.03 | O46: =N46 -> 0.03 | P46: =O46 -> 0.03 | Q46: =IFERROR(ROUND(IF($Q$15="Simples", INDEX(H46:P46,MATCH($Q$16,$H$16:$P$16,1)), INDEX(H46:P46,MATCH($Q$15,$H$13:$P$13,0)) ),4),"") -> 0.03
C47: FAP | H47: 1 | I47: =H47 -> 1 | J47: =I47 -> 1 | K47: =I47 -> 1 | L47: =K47 -> 1 | M47: =L47 -> 1 | N47: =M47 -> 1 | O47: =N47 -> 1 | P47: =O47 -> 1 | Q47: =IFERROR(ROUND(IF($Q$15="Simples", INDEX(H47:P47,MATCH($Q$16,$H$16:$P$16,1)), INDEX(H47:P47,MATCH($Q$15,$H$13:$P$13,0)) ),4),"") -> 1
B48: H | C48: SEBRAE | E48: Anexo II da IN RFB n. 971/09. Art. 8º, Lei n.º 8.029/90 e Lei n.º 8154/90 | H48: 0.006 | I48: 0.006 | Q48: =IFERROR(ROUND(IF($Q$15="Simples", INDEX(H48:P48,MATCH($Q$16,$H$16:$P$16,1)), INDEX(H48:P48,MATCH($Q$15,$H$13:$P$13,0)) ),4),"") -> 0.006
H49: =SUM(H39:H48)-H46-H47 -> 0.368 | I49: =SUM(I39:I48)-I46-I47 -> 0.368 | J49: =SUM(J39:J48)-J46-J47 -> 0.31 | K49: =SUM(K39:K45)+K48 -> 0.31 | L49: =SUM(L39:L48)-L46-L47 -> 0.31 | M49: =SUM(M39:M48)-M46-M47 -> 0.31 | N49: =SUM(N39:N48)-N46-N47 -> 0.31 | O49: =SUM(O39:O48)-O46-O47 -> 0.31 | P49: =SUM(P39:P48)-P46-P47 -> 0.31 | Q49: =IFERROR(ROUND(IF($Q$15="Simples", INDEX(H49:P49,MATCH($Q$16,$H$16:$P$16,1)), INDEX(H49:P49,MATCH($Q$15,$H$13:$P$13,0)) ),4),"") -> 0.368
C51: SUBMÓDULO 2.3 - Encargos e Benefícios Anuais, Mensais e Diários
B52: A | C52: Auxílio Transporte | D52: (Valor da passagem x Quantidade de passagens por dia por empregado x Quantidade de dias trabalhados) - (Participação do empregado no custo x Salário base ) | E52: Artigo 4º, § único, da Lei nº 7.418/85 e art. 9º do Decreto nº 95.247/87. | F52: Deve ser observado o instrumento coletivo para a fixação do percentual de desconto do empregado.
B53: B | C53: Auxílio-Refeição/Alimentação | D53: (Valor do Auxílio-Alimentação x Quantidade de dias do mês de recebimento de auxílio-alimentação) - (Valor do Auxílio-Alimentação x Quantidade de dias do mês de recebimento de auxílio-alimentação x Participação do empregado no custo ) | E53: Artigo 458, §§ 2º e 3º, da CLT, Lei nº 6.321/76, Decreto nº 5/91 e CCT. | F53: Deve ser observado o instrumento coletivo para a fixação do percentual de desconto do empregado.
B54: C | C54: Assistência Médica e Familiar | D54: (Valor previsto em CCT/ACT x Participação do empregado no custo) | E54: Artigo 458, inciso IV da CLT e CCT | F54: Deve ser observado o instrumento coletivo para a fixação do percentual de desconto do empregado.
B55: D | C55: Seguro de vida em grupo | D55: Valor previsto em CCT/ACT/TR | E55: Artigo 458, inciso IV da CLT e CCT | F55: Deve ser observado o instrumento coletivo.
B56: E | C56: Auxílio-Funeral | D56: Valor previsto em CCT/ACT/TR | F56: Deve ser observado o instrumento coletivo.
B57: F | C57: Cesta Básica | D57: (Valor previsto em CCT/ACT x Participação do empregado no custo) | F57: Deve ser observado o instrumento coletivo para a fixação do percentual de desconto do empregado.
B58: G | C58: Plano de Benefício Social Familiar | D58: Valor previsto em CCT/ACT/TR | F58: Deve ser observado o instrumento coletivo.
B59: H | C59: Outros (especificar) | D59: Valor previsto em CCT/ACT/TR | F59: Deve ser observado o instrumento coletivo.
C61: MÓDULO 3 - PROVISÃO PARA RESCISÃO
C63: Dados Estatísticos
C64: Funcionários demitidos sem justa causa / Total de desligamentos (em %) | H64: 0.05 | I64: =H64 -> 0.05 | J64: =I64 -> 0.05 | K64: =I64 -> 0.05 | L64: =K64 -> 0.05 | M64: =L64 -> 0.05 | N64: =M64 -> 0.05 | O64: =N64 -> 0.05 | P64: =O64 -> 0.05 | Q64: =IFERROR(ROUND(IF($Q$15="Simples", INDEX(H64:P64,MATCH($Q$16,$H$16:$P$16,1)), INDEX(H64:P64,MATCH($Q$15,$H$13:$P$13,0)) ),4),"") -> 0.05
C65: FGTS | H65: 0.08 | I65: =H65 -> 0.08 | J65: =I65 -> 0.08 | K65: =I65 -> 0.08 | L65: =K65 -> 0.08 | M65: =L65 -> 0.08 | N65: =M65 -> 0.08 | O65: =N65 -> 0.08 | P65: =O65 -> 0.08 | Q65: =IFERROR(ROUND(IF($Q$15="Simples", INDEX(H65:P65,MATCH($Q$16,$H$16:$P$16,1)), INDEX(H65:P65,MATCH($Q$15,$H$13:$P$13,0)) ),4),"") -> 0.08
C66: Multa do FGTS (em %) | H66: 0.4 | I66: =H66 -> 0.4 | J66: =I66 -> 0.4 | K66: =I66 -> 0.4 | L66: =K66 -> 0.4 | M66: =L66 -> 0.4 | N66: =M66 -> 0.4 | O66: =N66 -> 0.4 | P66: =O66 -> 0.4 | Q66: =IFERROR(ROUND(IF($Q$15="Simples", INDEX(H66:P66,MATCH($Q$16,$H$16:$P$16,1)), INDEX(H66:P66,MATCH($Q$15,$H$13:$P$13,0)) ),4),"") -> 0.4
C67: Empregados que recebem aviso prévio trabalhado durante o contrato (em %) | H67: 0.02 | I67: =H67 -> 0.02 | J67: =I67 -> 0.02 | K67: =I67 -> 0.02 | L67: =K67 -> 0.02 | M67: =L67 -> 0.02 | N67: =M67 -> 0.02 | O67: =N67 -> 0.02 | P67: =O67 -> 0.02 | Q67: =IFERROR(ROUND(IF($Q$15="Simples", INDEX(H67:P67,MATCH($Q$16,$H$16:$P$16,1)), INDEX(H67:P67,MATCH($Q$15,$H$13:$P$13,0)) ),4),"") -> 0.02
C68: Empregados que recebem aviso prévio trabalhadono final do contrato (em %) | H68: 1 | I68: =H68 -> 1 | J68: =I68 -> 1 | K68: =I68 -> 1 | L68: =K68 -> 1 | M68: =L68 -> 1 | N68: =M68 -> 1 | O68: =N68 -> 1 | P68: =O68 -> 1 | Q68: =IFERROR(ROUND(IF($Q$15="Simples", INDEX(H68:P68,MATCH($Q$16,$H$16:$P$16,1)), INDEX(H68:P68,MATCH($Q$15,$H$13:$P$13,0)) ),4),"") -> 1
C69: Dias APT pagos | H69: 7 | I69: =H69 -> 7 | J69: =I69 -> 7 | K69: =I69 -> 7 | L69: =K69 -> 7 | M69: =L69 -> 7 | N69: =M69 -> 7 | O69: =N69 -> 7 | P69: =O69 -> 7 | Q69: =IFERROR(ROUND(IF($Q$15="Simples", INDEX(H69:P69,MATCH($Q$16,$H$16:$P$16,1)), INDEX(H69:P69,MATCH($Q$15,$H$13:$P$13,0)) ),4),"") -> 7
C71: PROVISÃO PARA RESCISÃO
B72: A | C72: Aviso prévio indenizado | D72: ((30÷30)÷12)X0,05 ≅ 0,42% | E72: Art. 7º, XXI, CF/88. Art. 477, 487 e 491 da CLT. Lei n. 12.506/2011. | F72: Trata-se de valor devido ao empregado no caso de o empregador rescindir o contrato sem justo motivo e sem lhe conceder aviso prévio, conforme disposto no § 1º do art. 487 da CLT. De acordo com levantamento efetuado em diversos contratos, cerca de 5% do pessoal é demitido pelo empregador, antes do término do contrato de trabalho. Cálculo ((1/12)x 0,05) x 100 ≅ 0,42%. | H72: =(($D$5/$D$5)/$D$8)*H64 -> 0.0041666667 | I72: =H72 -> 0.0041666667 | J72: =I72 -> 0.0041666667 | K72: =I72 -> 0.0041666667 | L72: =K72 -> 0.0041666667 | M72: =L72 -> 0.0041666667 | N72: =M72 -> 0.0041666667 | O72: =N72 -> 0.0041666667 | P72: =O72 -> 0.0041666667 | Q72: =IFERROR(ROUND(IF($Q$15="Simples", INDEX(H72:P72,MATCH($Q$16,$H$16:$P$16,1)), INDEX(H72:P72,MATCH($Q$15,$H$13:$P$13,0)) ),4),"") -> 0.0042
B73: B | C73: Incidência do FGTS sobre Aviso Prévio indenizado | D73: (0,08 x 0,0042) ≅ 0,03% | E73: Súmula 305 TST. | H73: =(($D$5/$D$5)/$D$8)*H64*H65 -> 0.00033333333 | I73: =H73 -> 0.00033333333 | J73: =I73 -> 0.00033333333 | K73: =I73 -> 0.00033333333 | L73: =K73 -> 0.00033333333 | M73: =L73 -> 0.00033333333 | N73: =M73 -> 0.00033333333 | O73: =N73 -> 0.00033333333 | P73: =O73 -> 0.00033333333 | Q73: =IFERROR(ROUND(IF($Q$15="Simples", INDEX(H73:P73,MATCH($Q$16,$H$16:$P$16,1)), INDEX(H73:P73,MATCH($Q$15,$H$13:$P$13,0)) ),4),"") -> 0.0003
B74: C | C74: Incidência da Multa e CS s/ FGTS incidente no API | D74: (0,08 x 0,0042) x 0,40 ≅ 0,0134 | E74: Art. 18 da Lei 8.036/90. Art. 12 da Lei 13.932/2019. | F74: Esse item corresponde ao valor da multa do FGTS (40%) que incide sobre o saldo dos depósitos efetuados na conta vinculada ao FGTS do trabalhador. Logo o pagamento da multa para os valores depositados relativos a salários, férias e 13º salário corresponde a:((0,08 x 0,0042) x 100) x 0,40 ≅ 0,0134 | H74: =H72*H65*H66 -> 0.00013333333 | I74: =H74 -> 0.00013333333 | J74: =I74 -> 0.00013333333 | K74: =I74 -> 0.00013333333 | L74: =K74 -> 0.00013333333 | M74: =L74 -> 0.00013333333 | N74: =M74 -> 0.00013333333 | O74: =N74 -> 0.00013333333 | P74: =O74 -> 0.00013333333 | Q74: =IFERROR(ROUND(IF($Q$15="Simples", INDEX(H74:P74,MATCH($Q$16,$H$16:$P$16,1)), INDEX(H74:P74,MATCH($Q$15,$H$13:$P$13,0)) ),4),"") -> 0.0001
B75: D | C75: Aviso prévio trabalhado | D75: (((7÷30,44)÷12)X 0,02) + ((7÷30,44)÷12) ≅ 1,98 % | E75: Art. 7º, XXI, CF/88, 477,487 e 491 CLT. Acórdãos n. 1904/2007-TCU-Plenário e n. 3006/2010-TCU-Plenário | F75: Considera-se que será pago ao final do contrato aviso prévio a 100% dos empregados alocados e que 2% do pessoal é demitido pelo empregador antes do final do contrato (acórdão TCU 6.777/2099 - 2ª Câmara). Assim sendo, há redução de 7 dias ou de 2h por dia {[(7/30)/12]* 0,02} + [(7/30)/12] ≅ 1,98 % para 30 dias de aviso prévio no primeiro ano. (7 dias custo do APT ÷ 30 Dias do mês÷ 12 meses) x indicador demissões antes término contrato(2%) + (7 dias custo do APT ÷ 30 Dias do mês÷ 12 meses) x indicador demissões antes término contrato(2%) | H75: =(((H69/$D$5/$D$8)*H67)+(H69/$D$5/$D$8)) -> 0.019833333 | I75: =H75 -> 0.019833333 | J75: =I75 -> 0.019833333 | K75: =I75 -> 0.019833333 | L75: =K75 -> 0.019833333 | M75: =L75 -> 0.019833333 | N75: =M75 -> 0.019833333 | O75: =N75 -> 0.019833333 | P75: =O75 -> 0.019833333 | Q75: =IFERROR(ROUND(IF($Q$15="Simples", INDEX(H75:P75,MATCH($Q$16,$H$16:$P$16,1)), INDEX(H75:P75,MATCH($Q$15,$H$13:$P$13,0)) ),4),"") -> 0.0198
B76: E | C76: Incidência dos encargos do submódulo 2.2 sobre item D | D76: ((0,3680 x 0,0198) x 100) ≅ 0,73% | E76: Acórdãos n. 1904/2007-TCU-Plenário e n. 3006/2010-TCU-Plenário | H76: =$H$75*H49 -> 0.0072986667 | I76: =H76 -> 0.0072986667 | J76: =I76 -> 0.0072986667 | K76: =I76 -> 0.0072986667 | L76: =K76 -> 0.0072986667 | M76: =L76 -> 0.0072986667 | N76: =M76 -> 0.0072986667 | O76: =N76 -> 0.0072986667 | P76: =O76 -> 0.0072986667 | Q76: =IFERROR(ROUND(IF($Q$15="Simples", INDEX(H76:P76,MATCH($Q$16,$H$16:$P$16,1)), INDEX(H76:P76,MATCH($Q$15,$H$13:$P$13,0)) ),4),"") -> 0.0073
B77: F | C77: Multa sobre FGTS e contribuições sociais incidentes | D77: Total Remuneração (módulo 1) X 0,04 | E77: Art. 12 da Lei 13.932/2019. Acórdãos n. 1904/2007-TCU-Plenário e n. 3006/2010-TCU-Plenário | F77: O custo do aviso prévio trabalhado é acrescido da multa do FGTS (40%) que incide sobre a alíquota do FGTS (8%) aplicada sobre o custo de referência para o aviso trabalhado. O art. 12 da Lei n. 13.932/2019 extiguiu a cobraça da contribuição de 10% devida pelos empregadores em caso de despedida sem justa causa (art. 1º da Lei Complementar 110/2001). Sendo assim, o adicional que era previsto nos itens "C" e "F" com o título "Multa do FGTS e contribuição social sobre Aviso Prévio [...]" passou a ser denominado somente de "Multa do FGTS sobre Aviso Prévio [..]" | H77: 0.04 | I77: =H77 -> 0.04 | J77: =I77 -> 0.04 | K77: =I77 -> 0.04 | L77: =K77 -> 0.04 | M77: =L77 -> 0.04 | N77: =M77 -> 0.04 | O77: =N77 -> 0.04 | P77: =O77 -> 0.04 | Q77: =IFERROR(ROUND(IF($Q$15="Simples", INDEX(H77:P77,MATCH($Q$16,$H$16:$P$16,1)), INDEX(H77:P77,MATCH($Q$15,$H$13:$P$13,0)) ),4),"") -> 0.04
C79: MÓDULO 4 - CUSTO DE REPOSIÇÃO DO PROFISSIONAL AUSENTE
C81: Dados Estatísticos
C82: Dias de Ausências por Doença | H82: 5 | I82: =H82 -> 5 | J82: =I82 -> 5 | K82: =I82 -> 5 | L82: =K82 -> 5 | M82: =L82 -> 5 | N82: =M82 -> 5 | O82: =N82 -> 5 | P82: =O82 -> 5 | Q82: =IFERROR(ROUND(IF($Q$15="Simples", INDEX(H82:P82,MATCH($Q$16,$H$16:$P$16,1)), INDEX(H82:P82,MATCH($Q$15,$H$13:$P$13,0)) ),4),"") -> 5
C83: Dias de Licença-Paternidade | H83: 5 | I83: =H83 -> 5 | J83: =I83 -> 5 | K83: =I83 -> 5 | L83: =K83 -> 5 | M83: =L83 -> 5 | N83: =M83 -> 5 | O83: =N83 -> 5 | P83: =O83 -> 5 | Q83: =IFERROR(ROUND(IF($Q$15="Simples", INDEX(H83:P83,MATCH($Q$16,$H$16:$P$16,1)), INDEX(H83:P83,MATCH($Q$15,$H$13:$P$13,0)) ),4),"") -> 5
C84: Trabalhadores com direito a Licença-Paternidade (%) | H84: 0.015 | I84: =H84 -> 0.015 | J84: =I84 -> 0.015 | K84: =I84 -> 0.015 | L84: =K84 -> 0.015 | M84: =L84 -> 0.015 | N84: =M84 -> 0.015 | O84: =N84 -> 0.015 | P84: =O84 -> 0.015 | Q84: =IFERROR(ROUND(IF($Q$15="Simples", INDEX(H84:P84,MATCH($Q$16,$H$16:$P$16,1)), INDEX(H84:P84,MATCH($Q$15,$H$13:$P$13,0)) ),4),"") -> 0.015
C85: Dias de Ausências Legais | H85: 2.96 | I85: =H85 -> 2.96 | J85: =I85 -> 2.96 | K85: =I85 -> 2.96 | L85: =K85 -> 2.96 | M85: =L85 -> 2.96 | N85: =M85 -> 2.96 | O85: =N85 -> 2.96 | P85: =O85 -> 2.96 | Q85: =IFERROR(ROUND(IF($Q$15="Simples", INDEX(H85:P85,MATCH($Q$16,$H$16:$P$16,1)), INDEX(H85:P85,MATCH($Q$15,$H$13:$P$13,0)) ),4),"") -> 2.96
C86: Empregados afastados por acidente de trabalho (em %) | H86: 0.0078 | I86: =H86 -> 0.0078 | J86: =I86 -> 0.0078 | K86: =I86 -> 0.0078 | L86: =K86 -> 0.0078 | M86: =L86 -> 0.0078 | N86: =M86 -> 0.0078 | O86: =N86 -> 0.0078 | P86: =O86 -> 0.0078 | Q86: =IFERROR(ROUND(IF($Q$15="Simples", INDEX(H86:P86,MATCH($Q$16,$H$16:$P$16,1)), INDEX(H86:P86,MATCH($Q$15,$H$13:$P$13,0)) ),4),"") -> 0.0078
C87: Dias pagos pela empresa em acidentes de trabalho | H87: 15 | I87: =H87 -> 15 | J87: =I87 -> 15 | K87: =I87 -> 15 | L87: =K87 -> 15 | M87: =L87 -> 15 | N87: =M87 -> 15 | O87: =N87 -> 15 | P87: =O87 -> 15 | Q87: =IFERROR(ROUND(IF($Q$15="Simples", INDEX(H87:P87,MATCH($Q$16,$H$16:$P$16,1)), INDEX(H87:P87,MATCH($Q$15,$H$13:$P$13,0)) ),4),"") -> 15
C88: Tempo de Licença-Maternidade | H88: 4 | I88: =H88 -> 4 | J88: =I88 -> 4 | K88: =I88 -> 4 | L88: =K88 -> 4 | M88: =L88 -> 4 | N88: =M88 -> 4 | O88: =N88 -> 4 | P88: =O88 -> 4 | Q88: =IFERROR(ROUND(IF($Q$15="Simples", INDEX(H88:P88,MATCH($Q$16,$H$16:$P$16,1)), INDEX(H88:P88,MATCH($Q$15,$H$13:$P$13,0)) ),4),"") -> 4
C89: Rateio do Custo da Licença-Maternidade durante Vigência Contratual | H89: =H88/12 -> 0.33333333 | I89: =H89 -> 0.33333333 | J89: =I89 -> 0.33333333 | K89: =I89 -> 0.33333333 | L89: =K89 -> 0.33333333 | M89: =L89 -> 0.33333333 | N89: =M89 -> 0.33333333 | O89: =N89 -> 0.33333333 | P89: =O89 -> 0.33333333 | Q89: =IFERROR(ROUND(IF($Q$15="Simples", INDEX(H89:P89,MATCH($Q$16,$H$16:$P$16,1)), INDEX(H89:P89,MATCH($Q$15,$H$13:$P$13,0)) ),4),"") -> 0.3333
C90: Total de empregos RS (2020) | H90: 2820968 | I90: =H90 -> 2820968 | J90: =I90 -> 2820968 | K90: =I90 -> 2820968 | L90: =K90 -> 2820968 | M90: =L90 -> 2820968 | N90: =M90 -> 2820968 | O90: =N90 -> 2820968 | P90: =O90 -> 2820968 | Q90: =IFERROR(ROUND(IF($Q$15="Simples", INDEX(H90:P90,MATCH($Q$16,$H$16:$P$16,1)), INDEX(H90:P90,MATCH($Q$15,$H$13:$P$13,0)) ),4),"") -> 2820968
C91: Mulheres empregadas RS (2020) | H91: 1303632 | I91: =H91 -> 1303632 | J91: =I91 -> 1303632 | K91: =I91 -> 1303632 | L91: =K91 -> 1303632 | M91: =L91 -> 1303632 | N91: =M91 -> 1303632 | O91: =N91 -> 1303632 | P91: =O91 -> 1303632 | Q91: =IFERROR(ROUND(IF($Q$15="Simples", INDEX(H91:P91,MATCH($Q$16,$H$16:$P$16,1)), INDEX(H91:P91,MATCH($Q$15,$H$13:$P$13,0)) ),4),"") -> 1303632
C92: Quantidade de licenças maternidade concedidas (2020) | H92: 52313 | I92: =H92 -> 52313 | J92: =I92 -> 52313 | K92: =I92 -> 52313 | L92: =K92 -> 52313 | M92: =L92 -> 52313 | N92: =M92 -> 52313 | O92: =N92 -> 52313 | P92: =O92 -> 52313 | Q92: =IFERROR(ROUND(IF($Q$15="Simples", INDEX(H92:P92,MATCH($Q$16,$H$16:$P$16,1)), INDEX(H92:P92,MATCH($Q$15,$H$13:$P$13,0)) ),4),"") -> 52313
C93: % Licenças maternidade concedidas | H93: =H92/H91 -> 0.040128656 | I93: =H93 -> 0.040128656 | J93: =I93 -> 0.040128656 | K93: =I93 -> 0.040128656 | L93: =K93 -> 0.040128656 | M93: =L93 -> 0.040128656 | N93: =M93 -> 0.040128656 | O93: =N93 -> 0.040128656 | P93: =O93 -> 0.040128656 | Q93: =IFERROR(ROUND(IF($Q$15="Simples", INDEX(H93:P93,MATCH($Q$16,$H$16:$P$16,1)), INDEX(H93:P93,MATCH($Q$15,$H$13:$P$13,0)) ),4),"") -> 0.0401
C94: % Mulheres empregadas RS (2020) | H94: =H91/H90 -> 0.46212222 | I94: =H94 -> 0.46212222 | J94: =I94 -> 0.46212222 | K94: =I94 -> 0.46212222 | L94: =K94 -> 0.46212222 | M94: =L94 -> 0.46212222 | N94: =M94 -> 0.46212222 | O94: =N94 -> 0.46212222 | P94: =O94 -> 0.46212222 | Q94: =IFERROR(ROUND(IF($Q$15="Simples", INDEX(H94:P94,MATCH($Q$16,$H$16:$P$16,1)), INDEX(H94:P94,MATCH($Q$15,$H$13:$P$13,0)) ),4),"") -> 0.4621
C95: Custo estimado do afastamento maternidade | H95: =H89*H93*H94 -> 0.0061814479 | I95: =H95 -> 0.0061814479 | J95: =I95 -> 0.0061814479 | K95: =I95 -> 0.0061814479 | L95: =K95 -> 0.0061814479 | M95: =L95 -> 0.0061814479 | N95: =M95 -> 0.0061814479 | O95: =N95 -> 0.0061814479 | P95: =O95 -> 0.0061814479 | Q95: =IFERROR(ROUND(IF($Q$15="Simples", INDEX(H95:P95,MATCH($Q$16,$H$16:$P$16,1)), INDEX(H95:P95,MATCH($Q$15,$H$13:$P$13,0)) ),4),"") -> 0.0062
C97: Submódulo 4.1 - Substituto nas Ausências Legais - Base de cálculo para o custo do profissional ausente (substituto): BCCPA = (Rem + 13º sal + Férias + 1/3)x Item Reposição . Conforme item 89 do Relatório do Acórdão TCU nº 1.753/2008 do Plenário e orientações SEGES/MP
B98: A | C98: Substituto na cobertura de férias | D98: ((1÷12)÷12)+((1÷12)÷12)+(1÷3x((1÷12)÷12)) ≅ 1,62% | E98: Art. 129 e 130 CLT. | F98: ACÓRDÃO 1753/2008 - PLENÁRIO - Caso o contrato preveja substituição do empregado em férias, para que o posto não fique descoberto a empresa deverá repor o profissional ausente por meio de profissional subtituto ao qual deverá retribuir com a mesma remuneração do titular. A estimativa do percentual dessa rubrica a ser aplicado sobre a remuneração mensal do titular pode ser obtido pelo cálculo: (8,33/12)+(8,33/12)+(1/3x(8,33/12)) ≅ 1,62% Para fins de cálculo a base a ser utilizada é o total da remuneração para que não haja dupla incidência de férias. adicional de férias e décimo-terceiro. | H98: =((1/12)/12)+((1/12)/12)+((1/3)*((1/12)/12)) -> 0.016203704 | I98: =H98 -> 0.016203704 | J98: =I98 -> 0.016203704 | K98: =I98 -> 0.016203704 | L98: =K98 -> 0.016203704 | M98: =L98 -> 0.016203704 | N98: =M98 -> 0.016203704 | O98: =N98 -> 0.016203704 | P98: =O98 -> 0.016203704 | Q98: =IFERROR(ROUND(IF($Q$15="Simples", INDEX(H98:P98,MATCH($Q$16,$H$16:$P$16,1)), INDEX(H98:P98,MATCH($Q$15,$H$13:$P$13,0)) ),4),"") -> 0.0162
B99: B | C99: Substituto na cobertura das ausências por doença | D99: ((5÷30) ÷12) x 100) ≅ 1,39% | E99: Art.131 , inciso III, da CLT. Art. 476 da CLT, art. 6º, §1º, alínea "f", da Lei n. 605, de 1949, e art. 12, alínea "f", do Decreto n. 27.048, de 1949. | F99: ACÓRDÃO 6771/2009 - PRIMEIRA CÂMARA - Estimativa de 5 (cinco) dias de licença por ano. | H99: =(H82/$D$5)/$D$8 -> 0.013888889 | I99: =H99 -> 0.013888889 | J99: =I99 -> 0.013888889 | K99: =I99 -> 0.013888889 | L99: =K99 -> 0.013888889 | M99: =L99 -> 0.013888889 | N99: =M99 -> 0.013888889 | O99: =N99 -> 0.013888889 | P99: =O99 -> 0.013888889 | Q99: =IFERROR(ROUND(IF($Q$15="Simples", INDEX(H99:P99,MATCH($Q$16,$H$16:$P$16,1)), INDEX(H99:P99,MATCH($Q$15,$H$13:$P$13,0)) ),4),"") -> 0.0139
B100: C | C100: Substituto na cobertura de licença paternidade | D100: (((5÷30) ÷12) x 0,015 x 100) ≅ 0,02% | E100: Art. 7º, inciso XIX da CF. §1º do artigo 10 do ADCT. Lei n. 13.527/2016 | F100: ACÓRDÃO 6771/2009 - PRIMEIRA CÂMARA - Estimativa de 1,5% (um inteiro e cinco décimos por cento) dos empregados usufruindo 5 (cinco) dias da licença por ano. | H100: =((H83/$D$5)/$D$8*H84) -> 0.00020833333 | I100: =H100 -> 0.00020833333 | J100: =I100 -> 0.00020833333 | K100: =I100 -> 0.00020833333 | L100: =K100 -> 0.00020833333 | M100: =L100 -> 0.00020833333 | N100: =M100 -> 0.00020833333 | O100: =N100 -> 0.00020833333 | P100: =O100 -> 0.00020833333 | Q100: =IFERROR(ROUND(IF($Q$15="Simples", INDEX(H100:P100,MATCH($Q$16,$H$16:$P$16,1)), INDEX(H100:P100,MATCH($Q$15,$H$13:$P$13,0)) ),4),"") -> 0.0002
B101: D | C101: Substituto na cobertura das ausências legais | D101: (((2,96÷30) ÷12) x 100) ≅ 0,82% | E101: Art. 82 e 473 da CLT | F101: ACÓRDÃO 1753/2008 - PLENÁRIO - Estimativa de 2,96 ausências por ano. | H101: =H85/$D$5/$D$8 -> 0.0082222222 | I101: =H101 -> 0.0082222222 | J101: =I101 -> 0.0082222222 | K101: =I101 -> 0.0082222222 | L101: =K101 -> 0.0082222222 | M101: =L101 -> 0.0082222222 | N101: =M101 -> 0.0082222222 | O101: =N101 -> 0.0082222222 | P101: =O101 -> 0.0082222222 | Q101: =IFERROR(ROUND(IF($Q$15="Simples", INDEX(H101:P101,MATCH($Q$16,$H$16:$P$16,1)), INDEX(H101:P101,MATCH($Q$15,$H$13:$P$13,0)) ),4),"") -> 0.0082
B102: E | C102: Substituto na cobertura nas ausências por acidente de trabalho | D102: (((15÷30) ÷12) x 0,0078 x 100) ≅ 0,03% | E102: Art. 27 do Dec. 89312/84, Art. 131 da CLT e MP. 664/2014 | F102: ACÓRDÃO 6771/2009 - PRIMEIRA CÂMARA - Estimativa de 1 (uma) licença de 30 (trinta) dias por ano para 0,78% (setenta e oito décimos por cento) dos empregados. | H102: =(H87/$D$5/$D$8)*H86 -> 0.000325 | I102: =H102 -> 0.000325 | J102: =I102 -> 0.000325 | K102: =I102 -> 0.000325 | L102: =K102 -> 0.000325 | M102: =L102 -> 0.000325 | N102: =M102 -> 0.000325 | O102: =N102 -> 0.000325 | P102: =O102 -> 0.000325 | Q102: =IFERROR(ROUND(IF($Q$15="Simples", INDEX(H102:P102,MATCH($Q$16,$H$16:$P$16,1)), INDEX(H102:P102,MATCH($Q$15,$H$13:$P$13,0)) ),4),"") -> 0.0003
B103: F | C103: Substituto na cobertura de afastamento maternidade | D103: ((1÷12)+((1÷3)x(1÷12)))x(4÷12)x0,01854033 ≅ 0,07% | E103: Art. 7º inc. XVIII, CF, Lei 8.213/91, art. 72 e Lei 11770/2008. Lei n. 13.527/2016. | F103: Anuário RAIS do Ministério do Trabalho - Durante a licença, o salário maternidade e a parcela do décimo terceiro salário correspondente ao período da licença é custeado pelo INSS (Art. 86 da IN RFB 971/2009). Cabe à empresa a provisão relativa a férias (1/12) e adicional de férias (1/3 x 1/12) e as contribuições previdenciárias sobre o período de licença . A remuneração do substituto, acrescida de todos os encargos, é justamente a remuneração da trabalhadora substituída no período (vide Módulo 1 e Submódulo 2.2). Portanto o custo do afastamento é dado pela seguinte fórmula aplicada sobre a remuneração: [(1/12) + (1/3 x 1/12)] x 100 ≅ 11,11% Rateio do Custo durante Vigência Contratual: Divisão proporcional do custo de 4 (quatro) meses de licença por ano (base do % de ocorrências): (4 meses de licença) ÷ (12 meses) x 100 = 33,33% Número Estimado de Ocorrências: Conforme Anuário Estatístico da RAIS, elaborado pelo Ministério do Trabalho, as mulheres representaram cerca de 46,2122% do total de empregos no Rio Grande do Sul (1.303.632 do total de 2.820.968). Já o Anuário Estatístico da Previdência Social dispõe que foi concedida a quantidade de 52.313 salários-maternidade no âmbito do Rio Grande do Sul em 2020. Essa quantidade representa cerca de 4,0129% do total de mulheres empregadas noRio Grande do Sul no mesmo período. Portanto, a estimativa de uma determinada empregada usurfruir 4 (quatro) meses de licença a cada ano de execução contratual é de 0,462122 x 0,04012 x 100 ≅ 1,854033% de empregadas afastadas Selecione "Empregos em 31/12", depois "Por Área Geográfica e Sexo" e depois os atributos "Ano igual a 2020"; "Região Natural igual a 4 -SUL"; "UF igual a RIO GRANDE DO SUL". Anuário Estatístico da Previdência Social Anuário Estatístico da Previdência Social Clicar em 2020: "Download tabelas". No arquivo que abrir, clique na pasta "AEPS 2020 - SECAO I - Benefícios ", depois em "Concedidos", depois em "20C4_01" | H103: =((1/12)+((1/3)*(1/12)))*H95 -> 0.00068682754 | I103: =H103 -> 0.00068682754 | J103: =I103 -> 0.00068682754 | K103: =I103 -> 0.00068682754 | L103: =K103 -> 0.00068682754 | M103: =L103 -> 0.00068682754 | N103: =M103 -> 0.00068682754 | O103: =N103 -> 0.00068682754 | P103: =O103 -> 0.00068682754 | Q103: =IFERROR(ROUND(IF($Q$15="Simples", INDEX(H103:P103,MATCH($Q$16,$H$16:$P$16,1)), INDEX(H103:P103,MATCH($Q$15,$H$13:$P$13,0)) ),4),"") -> 0.0007
B104: G | C104: Incidência dos encargos do submódulo 2.2 | D104: (A+B.+C+D+E+F) x submódulo 2.2 | H104: =SUM($H$98:$H$103)*H49 -> 0.014548871 | I104: =H104 -> 0.014548871 | J104: =I104 -> 0.014548871 | K104: =I104 -> 0.014548871 | L104: =K104 -> 0.014548871 | M104: =L104 -> 0.014548871 | N104: =M104 -> 0.014548871 | O104: =N104 -> 0.014548871 | P104: =O104 -> 0.014548871 | Q104: =IFERROR(ROUND(IF($Q$15="Simples", INDEX(H104:P104,MATCH($Q$16,$H$16:$P$16,1)), INDEX(H104:P104,MATCH($Q$15,$H$13:$P$13,0)) ),4),"") -> 0.0145
B105: H | C105: Inclusão benefícios Mensais e Diários | D105: ((Total submódulo 2.3 - VA - VT) x média de dias de substituição ÷ 30 ÷ 12) | F105: Considera-se como média de dias de substituição o somatório dos 30 dias de férias, 2,96 dias de ausências legais e 5 dias de axílio doença. | H105: 37.96 | I105: =H105 -> 37.96 | J105: =I105 -> 37.96 | K105: =I105 -> 37.96 | L105: =K105 -> 37.96 | M105: =L105 -> 37.96 | N105: =M105 -> 37.96 | O105: =N105 -> 37.96 | P105: =O105 -> 37.96 | Q105: =IFERROR(ROUND(IF($Q$15="Simples", INDEX(H105:P105,MATCH($Q$16,$H$16:$P$16,1)), INDEX(H105:P105,MATCH($Q$15,$H$13:$P$13,0)) ),4),"") -> 37.96
B106: I | C106: Inclusão custo M3 (Provisão para Rescisão) para substitutos | D106: (Módulo 3 )÷12 x média de dias de substituição ÷ 30) | F106: Considera-se como média de dias de substituição o somatório dos 30 dias de férias, 2,96 dias de ausências legais e 5 dias de auxílio doença. | H106: 37.96 | I106: =H106 -> 37.96 | J106: =I106 -> 37.96 | K106: =I106 -> 37.96 | L106: =K106 -> 37.96 | M106: =L106 -> 37.96 | N106: =M106 -> 37.96 | O106: =N106 -> 37.96 | P106: =O106 -> 37.96 | Q106: =IFERROR(ROUND(IF($Q$15="Simples", INDEX(H106:P106,MATCH($Q$16,$H$16:$P$16,1)), INDEX(H106:P106,MATCH($Q$15,$H$13:$P$13,0)) ),4),"") -> 37.96
C108: SUBMÓDULO 4.2- Intervalo intrajornada
B109: A | C109: Intervalo para repouso ou alimentação | D109: (Salário base+adicionais previstos em lei ou CCT, se houver) ÷ total nº horas trabalhadas) x 1,5 x quantidade de dias trabalhados | E109: Regras do instrumento coletivo da categoria, se houver (conforme incs. III e VIII do art. 611-A da CLT, o instrumento coletivo de trabalho tem prevalência sobre a lei). Artigo 71 da CLT. Lei 8.121/1991. | F109: Se não houver previsão de jantista/almocista e, assim, o empregado não usufruir de seu intervalo intrajornada em razão de trabalhar em período destinado a repouso e alimentação, o valor a ser pago é da hora trabalhada acrescida de 50%, considerada a natureza indenizatória da parcela.
C110: Rendição no Intervalo Intrajornada | D110: ((Salário base+adicionais previstos em lei ou CCT, se houver)+ Submódulo 2.2 + submódulo 2.3 + Uniformes e EPI) x quantidade de dias trabalhados | E110: Regras do instrumento coletivo da categoria, se houver (conforme incs. III e VIII do art. 611-A da CLT, o instrumento coletivo de trabalho tem prevalência sobre a lei). Artigo 71 da CLT. Lei 8.121/1991. | F110: Esta rubrica somente será calculada se houver reposição por um substituto durante a ausência do empregado, no período de intervalo para repouso/alimentação. Para o cálculo dessa forma, o valor aportado será o correspondente ao período trabalhado no intervalo, com as incidências legais, por se tratar de salário pago ao substituto
C112: MÓDULO 5 - UNIFORMES, MATERIAIS, EQUIPAMENTOS E VEÍCULOS
C114: SUBMÓDULO 5.1 - Uniformes, materiais e equipamentos
B115: A | C115: Material Individual e Uniformes
B116: B | C116: Material Coletivo e Equipamentos | F116: Item 6.8 do Caderno Técnico - Prestação de Serviços de Limpeza, Asseio e Conservação Predial, do Estado de São Paulo (www.cadterc.sp.gov.br)
...

Sheet Apoio - Posto
A1: POSTO | B1: CBO | C1: SINDICATO | D1: REGISTRO M.T.E. | E1: DATA BASE | F1: VIGÊNCA CCT | G1: PISO NORMATIVO | H1: REGIME MENSAL CONVENÇÃO | I1: AUXÍLIO ALIMENTAÇÃO (DIA) | J1: AUXÍLIO LANCHE | K1: % Incidência = 50% | L1: Adicional Troca Uniformes | M1: Insalubridade sobre Piso | N1: Incidência salário | O1: Periculosidade Adic. 30% | P1: Participação do empregado no custo Vale transporte | Q1: Participação do empregado no custo Vale refeição | R1: Plano Benefício Familiar | S1: Seguro de Vida | T1: ISSQN
A3: Auxiliar de Almoxarifado | B3: 4141 | C3: SINDASSEIO | D3: RS004917/2023 | E3: 45292 | F3: 45657 | G3: 1540.51 | H3: 220 | I3: 23.68 | J3: =I3/2 -> 11.84 | N3: Salário Base | P3: 0.06 | Q3: 0.19 | R3: 19.42 | T3: 0.05
A4: Auxiliar de Escritório | B4: 4110 | C4: SINDASSEIO | D4: RS004917/2023 | E4: 45292 | F4: 45657 | G4: 2013.31 | H4: 220 | I4: 23.68 | J4: =I4/2 -> 11.84 | N4: Salário Base | P4: 0.06 | Q4: 0.19 | R4: 19.42 | T4: 0.05
A5: Auxiliar de Manutenção Predial | B5: 5143 | C5: SINDASSEIO | D5: RS004917/2023 | E5: 45292 | F5: 45657 | G5: 1540.51 | H5: 220 | I5: 23.68 | J5: =I5/2 -> 11.84 | N5: Salário Base | P5: 0.06 | Q5: 0.19 | R5: 19.42 | T5: 0.05
A6: Auxiliar de Cozinha | B6: 5135 | C6: SINDASSEIO | D6: RS004917/2023 | E6: 45292 | F6: 45657 | G6: 1540.51 | H6: 220 | I6: 23.68 | J6: =I6/2 -> 11.84 | M6: 0.2 | N6: Salário Base | P6: 0.06 | Q6: 0.19 | R6: 19.42 | T6: 0.05
A7: Coletor, lixeiro | B7: 5142 | C7: SINDASSEIO | D7: RS004917/2023 | E7: 45292 | F7: 45657 | G7: 1816.57 | H7: 220 | I7: 23.68 | J7: =I7/2 -> 11.84 | M7: 0.4 | N7: Salário Base | P7: 0.06 | Q7: 0.19 | R7: 19.42 | T7: 0.05
A8: Copeiro | B8: 5134 | C8: SINDASSEIO | D8: RS004917/2023 | E8: 45292 | F8: 45657 | G8: 1540.51 | H8: 220 | I8: 23.68 | J8: =I8/2 -> 11.84 | M8: 0.2 | N8: Salário Base | P8: 0.06 | Q8: 0.19 | R8: 19.42 | T8: 0.05
A9: Cozinheiro | B9: 5132 | C9: SINDASSEIO | D9: RS004917/2023 | E9: 45292 | F9: 45657 | G9: 1617.44 | H9: 220 | I9: 23.68 | J9: =I9/2 -> 11.84 | M9: 0.2 | N9: Salário Base | P9: 0.06 | Q9: 0.19 | R9: 19.42 | T9: 0.05
A10: Aux. Limpeza, Serv. Gerais | B10: 5143 | C10: SINDASSEIO | D10: RS004917/2023 | E10: 45292 | F10: 45657 | G10: 1540.51 | H10: 220 | I10: 23.68 | J10: =I10/2 -> 11.84 | M10: 0.4 | N10: Salário Base | P10: 0.06 | Q10: 0.19 | R10: 19.42 | T10: 0.025
A11: Porteiro | B11: 5174 | C11: SINDASSEIO | D11: RS004917/2023 | E11: 45292 | F11: 45657 | G11: 1854.91 | H11: 220 | I11: 23.68 | J11: =I11/2 -> 11.84 | N11: Salário Base | P11: 0.06 | Q11: 0.19 | R11: 19.42 | T11: 0.025
A12: Recepcionista | B12: 4221 | C12: SINDASSEIO | D12: RS004917/2023 | E12: 45292 | F12: 45657 | G12: 1741.66 | H12: 220 | I12: 23.68 | J12: =I12/2 -> 11.84 | N12: Salário Base | P12: 0.06 | Q12: 0.19 | R12: 19.42 | T12: 0.025
A13: Varredor - Limpeza Urbana | B13: 5142 | C13: SINDASSEIO | D13: RS004917/2023 | E13: 45292 | F13: 45657 | G13: 1570.01 | H13: 220 | I13: 23.68 | J13: =I13/2 -> 11.84 | M13: 0.2 | N13: Salário Base | P13: 0.06 | Q13: 0.19 | R13: 19.42 | T13: 0.025
A14: Limpador Alpinista | B14: 5143 | C14: SINDASSEIO | D14: RS004917/2023 | E14: 45292 | F14: 45657 | G14: 1957.46 | H14: 220 | I14: 23.68 | J14: =I14/2 -> 11.84 | N14: Salário Base | O14: 0.3 | P14: 0.06 | Q14: 0.19 | R14: 19.42 | T14: 0.025
A15: Operador de Rádio Chamada | B15: 4227 | C15: SINDASSEIO | D15: RS004917/2023 | E15: 45292 | F15: 45657 | G15: 1854.91 | H15: 220 | I15: 23.68 | J15: =I15/2 -> 11.84 | N15: Salário Base | P15: 0.06 | Q15: 0.19 | R15: 19.42 | T15: 0.05
A16: Telefonista terceirizada 180hs | B16: 4222 | C16: SINDASSEIO | D16: RS004917/2023 | E16: 45292 | F16: 45657 | G16: 1741.66 | H16: 180 | J16: 11.84 | N16: Salário Base | P16: 0.06 | Q16: 0.19 | R16: 19.42 | T16: 0.05
A17: Vigilante | B17: 5173 | C17: SINDIVIGILANTES | D17: RS000303/2024 | E17: 45323 | F17: 45688 | G17: 1977.8 | H17: 220 | I17: 27 | L17: =G17/H17*1.3/6 -> 1.9478333 | N17: Salário Mínimo | O17: 0.3 | P17: 0.06 | Q17: 0.2 | S17: 19.42 | T17: 0.025
A18: Motorista Veículos Leves | B18: 7823 | C18: SINDIELV | D18: RS003831/2021 | E18: 44470 | F18: 44834 | G18: =1698*1.06 -> 1799.88 | H18: 220 | I18: =21.1*1.06 -> 22.366 | N18: Salário Mínimo | P18: 0.06 | Q18: 0.2 | S18: 19.42 | T18: 0.025
A19: Motorista Van | B19: 7823 | C19: SINDIELV | D19: RS003831/2021 | E19: 44470 | F19: 44834 | G19: =1753*1.06 -> 1858.18 | H19: 220 | I19: =21.1*1.06 -> 22.366 | N19: Salário Mínimo | P19: 0.06 | Q19: 0.2 | S19: 19.42 | T19: 0.025
A20: Motorista Caminhão | B20: 7825 | C20: SINDIELV | D20: RS003831/2021 | E20: 44470 | F20: 44834 | G20: =1724*1.06 -> 1827.44 | H20: 220 | I20: =21.1*1.06 -> 22.366 | N20: Salário Mínimo | P20: 0.06 | Q20: 0.2 | S20: 19.42 | T20: 0.025
A21: Motorista Operador Caminhão | B21: 7825 | C21: SINDIELV | D21: RS003831/2021 | E21: 44470 | F21: 44834 | G21: =1767*1.06 -> 1873.02 | H21: 220 | I21: =21.1*1.06 -> 22.366 | N21: Salário Mínimo | P21: 0.06 | Q21: 0.2 | S21: 19.42 | T21: 0.025

Sheet Apoio - Dados
A2: SECRETARIA DE PLANEJAMENTO E ASSUNTOS ESTRATÉGICOS | D2: =IF(AND(G2>0,ISNUMBER(G2)),ROW(),"") | E2: =#REF! -> #REF! | G2: =IFERROR(INDEX(#REF!,MATCH(E2,#REF!,0)),"") | I2: =IFERROR(SMALL(D:D,ROW()-1),"") | J2: =IF($I2="","",INDEX(E:E,MATCH($I2,$D:$D,0)))
A3: SECRETARIA DE ADMINISTRAÇÃO E PATRIMÔNIO | D3: =IF(AND(G3>0,ISNUMBER(G3)),ROW(),"") | E3: =#REF! -> #REF! | F3: Interna | G3: =IFERROR(INDEX(#REF!,MATCH(E3,#REF!,0)),"") | I3: =IFERROR(SMALL(D:D,ROW()-1),"") | J3: =IF($I3="","",INDEX(E:E,MATCH($I3,$D:$D,0)))
A4: SECRETARIA DA TRANSPARÊNCIA E CONTROLADORIA | D4: =IF(AND(G4>0,ISNUMBER(G4)),ROW(),"") | E4: =#REF! -> #REF! | F4: Interna | G4: =IFERROR(INDEX(#REF!,MATCH(E4,#REF!,0)),"") | I4: =IFERROR(SMALL(D:D,ROW()-1),"") | J4: =IF($I4="","",INDEX(E:E,MATCH($I4,$D:$D,0)))
A5: SECRETARIA DE GOVERNANÇA LOCAL E COORDENAÇÃO POLÍTICA | D5: =IF(AND(G5>0,ISNUMBER(G5)),ROW(),"") | E5: =#REF! -> #REF! | F5: Interna | G5: =IFERROR(INDEX(#REF!,MATCH(E5,#REF!,0)),"") | I5: =IFERROR(SMALL(D:D,ROW()-1),"") | J5: =IF($I5="","",INDEX(E:E,MATCH($I5,$D:$D,0)))
A6: SECRETARIA DA FAZENDA | D6: =IF(AND(G6>0,ISNUMBER(G6)),ROW(),"") | E6: =#REF! -> #REF! | F6: Interna | G6: =IFERROR(INDEX(#REF!,MATCH(E6,#REF!,0)),"") | I6: =IFERROR(SMALL(D:D,ROW()-1),"") | J6: =IF($I6="","",INDEX(E:E,MATCH($I6,$D:$D,0)))
A7: SECRETARIA DE PARCERIAS | D7: =IF(AND(G7>0,ISNUMBER(G7)),ROW(),"") | E7: =#REF! -> #REF! | F7: Interna | G7: =IFERROR(INDEX(#REF!,MATCH(E7,#REF!,0)),"") | I7: =IFERROR(SMALL(D:D,ROW()-1),"") | J7: =IF($I7="","",INDEX(E:E,MATCH($I7,$D:$D,0)))
A8: PROCURADORIA-GERAL DO MUNICÍPIO | D8: =IF(AND(G8>0,ISNUMBER(G8)),ROW(),"") | E8: =#REF! -> #REF! | F8: Interna | G8: =IFERROR(INDEX(#REF!,MATCH(E8,#REF!,0)),"") | I8: =IFERROR(SMALL(D:D,ROW()-1),"") | J8: =IF($I8="","",INDEX(E:E,MATCH($I8,$D:$D,0)))
A9: SECRETARIA DE SERVIÇOS URBANOS | D9: =IF(AND(G9>0,ISNUMBER(G9)),ROW(),"") | E9: =#REF! -> #REF! | F9: Interna | G9: =IFERROR(INDEX(#REF!,MATCH(E9,#REF!,0)),"") | I9: =IFERROR(SMALL(D:D,ROW()-1),"") | J9: =IF($I9="","",INDEX(E:E,MATCH($I9,$D:$D,0)))
A10: SECRETARIA DE OBRAS E INFRAESTRUTURA | D10: =IF(AND(G10>0,ISNUMBER(G10)),ROW(),"") | E10: =#REF! -> #REF! | G10: =IFERROR(INDEX(#REF!,MATCH(E10,#REF!,0)),"") | I10: =IFERROR(SMALL(D:D,ROW()-1),"") | J10: =IF($I10="","",INDEX(E:E,MATCH($I10,$D:$D,0)))
A11: SECRETARIA DE MOBILIDADE URBANA | D11: =IF(AND(G11>0,ISNUMBER(G11)),ROW(),"") | E11: =#REF! -> #REF! | G11: =IFERROR(INDEX(#REF!,MATCH(E11,#REF!,0)),"") | I11: =IFERROR(SMALL(D:D,ROW()-1),"") | J11: =IF($I11="","",INDEX(E:E,MATCH($I11,$D:$D,0)))
A12: SECRETARIA DE DESENVOLVIMENTO ECONÔMICO E TURISMO | D12: =IF(AND(G12>0,ISNUMBER(G12)),ROW(),"") | E12: =#REF! -> #REF! | F12: Externa | G12: =IFERROR(INDEX(#REF!,MATCH(E12,#REF!,0)),"") | I12: =IFERROR(SMALL(D:D,ROW()-1),"") | J12: =IF($I12="","",INDEX(E:E,MATCH($I12,$D:$D,0)))
A13: SECRETARIA DE MEIO AMBIENTE, URBANISMO E SUSTENTABILIDADE | D13: =IF(AND(G13>0,ISNUMBER(G13)),ROW(),"") | E13: =#REF! -> #REF! | F13: Externa | G13: =IFERROR(INDEX(#REF!,MATCH(E13,#REF!,0)),"") | I13: =IFERROR(SMALL(D:D,ROW()-1),"") | J13: =IF($I13="","",INDEX(E:E,MATCH($I13,$D:$D,0)))
A14: SECRETARIA DA CULTURA | D14: =IF(AND(G14>0,ISNUMBER(G14)),ROW(),"") | E14: =#REF! -> #REF! | F14: Externa | G14: =IFERROR(INDEX(#REF!,MATCH(E14,#REF!,0)),"") | I14: =IFERROR(SMALL(D:D,ROW()-1),"") | J14: =IF($I14="","",INDEX(E:E,MATCH($I14,$D:$D,0)))
A15: SECRETARIA DE SAÚDE | D15: =IF(AND(G15>0,ISNUMBER(G15)),ROW(),"") | E15: =#REF! -> #REF! | F15: Externa | G15: =IFERROR(INDEX(#REF!,MATCH(E15,#REF!,0)),"") | I15: =IFERROR(SMALL(D:D,ROW()-1),"") | J15: =IF($I15="","",INDEX(E:E,MATCH($I15,$D:$D,0)))
A16: SECRETARIA DE SEGURANÇA | D16: =IF(AND(G16>0,ISNUMBER(G16)),ROW(),"") | E16: =#REF! -> #REF! | F16: Externa | G16: =IFERROR(INDEX(#REF!,MATCH(E16,#REF!,0)),"") | I16: =IFERROR(SMALL(D:D,ROW()-1),"") | J16: =IF($I16="","",INDEX(E:E,MATCH($I16,$D:$D,0)))
A17: SECRETARIA DE EDUCAÇÃO | D17: =IF(AND(G17>0,ISNUMBER(G17)),ROW(),"") | E17: =#REF! -> #REF! | F17: Externa | G17: =IFERROR(INDEX(#REF!,MATCH(E17,#REF!,0)),"") | I17: =IFERROR(SMALL(D:D,ROW()-1),"") | J17: =IF($I17="","",INDEX(E:E,MATCH($I17,$D:$D,0)))
A18: SECRETARIA DE DESENVOLVIMENTO SOCIAL | D18: =IF(AND(G18>0,ISNUMBER(G18)),ROW(),"") | E18: =#REF! -> #REF! | G18: =IFERROR(INDEX(#REF!,MATCH(E18,#REF!,0)),"") | I18: =IFERROR(SMALL(D:D,ROW()-1),"") | J18: =IF($I18="","",INDEX(E:E,MATCH($I18,$D:$D,0)))
A19: SECRETARIA DE ESPORTE, LAZER E JUVENTUDE | D19: =IF(AND(G19>0,ISNUMBER(G19)),ROW(),"") | E19: =#REF! -> #REF! | G19: =IFERROR(INDEX(#REF!,MATCH(E19,#REF!,0)),"") | I19: =IFERROR(SMALL(D:D,ROW()-1),"") | J19: =IF($I19="","",INDEX(E:E,MATCH($I19,$D:$D,0)))
A20: SECRETARIA DE HABITAÇÃO E REGULARIZAÇÃO FUNDIÁRIA | D20: =IF(AND(G20>0,ISNUMBER(G20)),ROW(),"") | E20: =#REF! -> #REF! | F20: Esquadrias | G20: =IFERROR(INDEX(#REF!,MATCH(E20,#REF!,0)),"") | I20: =IFERROR(SMALL(D:D,ROW()-1),"") | J20: =IF($I20="","",INDEX(E:E,MATCH($I20,$D:$D,0)))
A21: SECRETARIA EXTRAORDINÁRIA DE ENFRENTAMENTO AO CORONAVÍRUS | D21: =IF(AND(G21>0,ISNUMBER(G21)),ROW(),"") | E21: =#REF! -> #REF! | F21: Esquadrias | G21: =IFERROR(INDEX(#REF!,MATCH(E21,#REF!,0)),"") | I21: =IFERROR(SMALL(D:D,ROW()-1),"") | J21: =IF($I21="","",INDEX(E:E,MATCH($I21,$D:$D,0)))
A22: SECRETARIA EXTRAORDINÁRIA DOS 250 ANOS | D22: =IF(AND(G22>0,ISNUMBER(G22)),ROW(),"") | E22: =#REF! -> #REF! | F22: Esquadrias | G22: =IFERROR(INDEX(#REF!,MATCH(E22,#REF!,0)),"") | I22: =IFERROR(SMALL(D:D,ROW()-1),"") | J22: =IF($I22="","",INDEX(E:E,MATCH($I22,$D:$D,0)))
A23: CARRIS | D23: =IF(AND(G23>0,ISNUMBER(G23)),ROW(),"") | E23: =#REF! -> #REF! | G23: =IFERROR(INDEX(#REF!,MATCH(E23,#REF!,0)),"") | I23: =IFERROR(SMALL(D:D,ROW()-1),"") | J23: =IF($I23="","",INDEX(E:E,MATCH($I23,$D:$D,0)))
A24: DMAE | D24: =IF(AND(G24>0,ISNUMBER(G24)),ROW(),"") | E24: =#REF! -> #REF! | G24: =IFERROR(INDEX(#REF!,MATCH(E24,#REF!,0)),"") | I24: =IFERROR(SMALL(D:D,ROW()-1),"") | J24: =IF($I24="","",INDEX(E:E,MATCH($I24,$D:$D,0)))
A25: DEMHAB | D25: =IF(AND(G25>0,ISNUMBER(G25)),ROW(),"") | E25: =#REF! -> #REF! | F25: Fachada | G25: =IFERROR(INDEX(#REF!,MATCH(E25,#REF!,0)),"") | I25: =IFERROR(SMALL(D:D,ROW()-1),"") | J25: =IF($I25="","",INDEX(E:E,MATCH($I25,$D:$D,0)))
A26: DMLU | D26: =IF(AND(G26>0,ISNUMBER(G26)),ROW(),"") | E26: =#REF! -> #REF! | G26: =IFERROR(INDEX(#REF!,MATCH(E26,#REF!,0)),"") | I26: =IFERROR(SMALL(D:D,ROW()-1),"") | J26: =IF($I26="","",INDEX(E:E,MATCH($I26,$D:$D,0)))
A27: DEFESA CIVIL | D27: =IF(AND(G27>0,ISNUMBER(G27)),ROW(),"") | E27: =#REF! -> #REF! | G27: =IFERROR(INDEX(#REF!,MATCH(E27,#REF!,0)),"") | I27: =IFERROR(SMALL(D:D,ROW()-1),"") | J27: =IF($I27="","",INDEX(E:E,MATCH($I27,$D:$D,0)))
A28: EPTC | D28: =IF(AND(G28>0,ISNUMBER(G28)),ROW(),"") | E28: =#REF! -> #REF! | F28: Hospitalar | G28: =IFERROR(INDEX(#REF!,MATCH(E28,#REF!,0)),"") | I28: =IFERROR(SMALL(D:D,ROW()-1),"") | J28: =IF($I28="","",INDEX(E:E,MATCH($I28,$D:$D,0)))
A29: FASC | D29: =IF(AND(G29>0,ISNUMBER(G29)),ROW(),"") | E29: =#REF! -> #REF! | G29: =IFERROR(INDEX(#REF!,MATCH(E29,#REF!,0)),"") | I29: =IFERROR(SMALL(D:D,ROW()-1),"") | J29: =IF($I29="","",INDEX(E:E,MATCH($I29,$D:$D,0)))
A30: PREVIMPA
A31: PROCEMPA
A32: PROCON
